 Dungeon Crawl Stone Soup version 0.31.0-11-ge490571c62 (webtiles) character file.

Game seed: 12856822629299040351

7386299 Stirner the Axe Maniac (level 27, 273/273 HPs)
             Began as a Hill Orc Cinder Acolyte on Jan 28, 2024.
             Was the Champion of Zin.
             Escaped with the Orb
             ... and 15 runes on Feb 10, 2024!
             The game lasted 1 day 04:30:55 (267750 turns).

Stirner the Axe Maniac (HOCA)                 Turns: 267750, Time: 1 , 04:30:55

Health: 273/273    AC: 57    Str: 44    XL:     27
Magic:  57/63      EV:  6    Int: 24    God:    Zin [******]
Gold:   16926      SH: 39    Dex:  4    Spells: 2/80 levels left

rFire   + + .        a - +9 broad axe (holy)
rCold   + + .        N - +18 shield of the Gong {Loud rN+ Will+ rCorr EV-5}
rNeg    + + .        i - +12 gold dragon scales
rPois   +            g - +2 helmet {SInv}
rElec   +            P - +4 dragonskin cloak
rCorr   +            k - +0 pair of gloves of the Garden {rElec Int+6}
SInv    +            Q - +2 pair of boots "Xiatzawo" {rElec Str+2 Slay+3}
Will    ++++.        E - amulet "Buigheaw" {Reflect Str+5 SH+5} Stlth
                     A - ring of Ciel {MP+9 Str+6 Int+7 Dex-2 Stlth+}
HPRegen 0.65/turn    R - ring "Dajaw" {rF+ rC+ rN+ Int-3 Slay+3}
MPRegen 0.38/turn

%: reflection
@: mighty, brilliant, swift, enlightened, flying, hasted, studying 2 skills,
very quick
A: iridescent scales 1, poison resistance
0: Orb of Zot
}: 15/15 runes: decaying, slimy, silver, golden, iron, obsidian, icy, bone,
abyssal, demonic, glowing, magical, fiery, dark, gossamer
a: Renounce Religion, Recite, Vitalisation, Imprison, Sanctuary, Donate Gold


You escaped.
You worshipped Zin.
Zin was exalted by your worship.
You visited 18 branches of the dungeon, and saw 86 of its levels.
You visited Pandemonium 34 times, and saw 120 of its levels.
You visited the Abyss 1 time.
You also visited: Trove, Bailey, Gauntlet, Ice Cave, Wizlab and Desolation.

You collected 29825 gold pieces.
You spent 12169 gold pieces at shops.
You donated 730 gold pieces to Zin.

Inventory:

Hand Weapons
 a - a +9 broad axe of holy wrath (weapon)
 w - a +9 heavy broad axe
 K - the +4 war axe "Adikomeb" {elec, Fly rC+ SInv}
   (You found it on level 7 of Tartarus)

   rC+:       It protects you from cold.
   SInv:      It lets you see invisible.
   Fly:       It grants you flight.
Missiles
 y - 5 throwing nets
 L - 20 silver javelins (quivered)
Armour
 g - a +2 helmet of see invisible (worn)
 i - +12 gold dragon scales (worn)
 k - the +0 pair of gloves of the Garden (worn) {rElec Int+6}
   (You acquired it on level 1 of the Crypt)

   Int+6:     It affects your intelligence (+6).
   rElec:     It insulates you from electricity.
 N - the +18 shield of the Gong (worn) {Loud rN+ Will+ rCorr EV-5}
   (You found it on level 11 of the Dungeon)

   Loud:      It is deafeningly noisy when blocking attacks.
   EV-5:      It affects your evasion (-5).
   rN+:       It protects you from negative energy.
   Will+:     It increases your willpower.
   rCorr:     It protects you from acid and corrosion.
 P - the +4 dragonskin cloak (worn)
   (You took it off Tiamat on level 3 of the Realm of Zot)

   Avatar's Aegis: It grants the wearer a chance to resist fire, cold, poison,
   electricity, acid, and negative energy.
 Q - the +2 pair of boots "Xiatzawo" (worn) {rElec Str+2 Slay+3}
   (You bought it in a shop in Pandemonium)

   Str+2:     It affects your strength (+2).
   Slay+3:    It affects your accuracy & damage with ranged weapons and melee
   (+3).
   rElec:     It insulates you from electricity.
Magical Staves
 b - the staff of Alyt {rElec rPois rF- Int+3 Dex+5 Air}
   (You found it in Pandemonium)

   [staff of air]

   Base accuracy: +5 Base damage: 5 Base attack delay: 1.2 This weapon's minimum
   attack delay (0.6) is reached at skill level 12.
   Int+3:     It affects your intelligence (+3).
   Dex+5:     It affects your dexterity (+5).
   rF-:       It makes you vulnerable to fire.
   rElec:     It insulates you from electricity.
   rPois:     It protects you from poison Air: It increases the power of your
   Air spells.
   It falls into the 'Staves' category.
   It is a one-handed weapon.
 j - the staff "Stirner's Doom" {rElec rF+ rN++ Fire}
   (You found it on level 5 of the Vaults)

   [staff of fire]

   Base accuracy: +5 Base damage: 5 Base attack delay: 1.2 This weapon's minimum
   attack delay (0.6) is reached at skill level 12.
   rF+:       It protects you from fire.
   rElec:     It insulates you from electricity.
   rN++:      It greatly protects you from negative energy.
   Fire:      It increases the power of your Fire spells.
   It falls into the 'Staves' category.
   It is a one-handed weapon.
Jewellery
 A - the ring of Ciel (left hand) {MP+9 Str+6 Int+7 Dex-2 Stlth+}
   (You found it in Pandemonium)

   [ring of strength]

   Str+6:     It affects your strength (+6).
   Int+7:     It affects your intelligence (+7).
   Dex-2:     It affects your dexterity (-2).
   MP+9:      It affects your magic capacity (+9).
   Stlth+:    It makes you more stealthy.
 E - the amulet "Buigheaw" (around neck) {Reflect Str+5 SH+5}
   (You took it off a ragged hierophant in the Desolation of Salt)

   [amulet of reflection]

   Reflect:   It reflects blocked missile attacks.
   Str+5:     It affects your strength (+5).
   SH+5:      It affects your SH (+5).
 R - the ring "Dajaw" (right hand) {rF+ rC+ rN+ Int-3 Slay+3}
   (You took it off a yaktaur captain on level 5 of the Vaults)

   [ring of protection from fire]

   Int-3:     It affects your intelligence (-3).
   Slay+3:    It affects your accuracy & damage with ranged weapons and melee
   (+3).
   rF+:       It protects you from fire.
   rC+:       It protects you from cold.
   rN+:       It protects you from negative energy.
 V - the ring "Gaqiemih" {Will+ Dex+3 Slay+3}
   (You bought it in a shop on level 2 of the Depths)

   [ring of willpower]

   Dex+3:     It affects your dexterity (+3).
   Slay+3:    It affects your accuracy & damage with ranged weapons and melee
   (+3).
   Will+:     It increases your willpower.
 Z - the ring of the Freezing God {Str+6 Int+8}
   (You found it in the Desolation of Salt)

   [ring of strength]

   Str+6:     It affects your strength (+6).
   Int+8:     It affects your intelligence (+8).
Wands
 h - a wand of light (119)
 x - a wand of digging (99)
 H - a wand of iceblast (137)
 J - a wand of mindburst (95)
 U - a wand of charming (173)
Scrolls
 c - 20 scrolls of revelation
 f - 24 scrolls of blinking
 l - 20 scrolls of immolation
 n - 10 scrolls of butterflies
 r - 27 scrolls of fear
 t - 67 scrolls of teleportation
 I - 16 scrolls of vulnerability
 S - a scroll of enchant weapon
 T - 25 scrolls of fog
 X - 22 scrolls of poison
Potions
 d - 12 potions of ambrosia
 o - 12 potions of brilliance
 p - 7 potions of berserk rage
 s - 9 potions of haste
 v - 28 potions of enlightenment
 z - 8 potions of invisibility
 C - 68 potions of curing
 D - 16 potions of might
 F - 23 potions of mutation
 G - 26 potions of cancellation
 M - 23 potions of heal wounds
 W - 24 potions of resistance
 Y - 24 potions of magic
Miscellaneous
 e - a condenser vane
 m - a lightning rod (4/4)
 q - a phantom mirror
 u - a sack of spiders
 B - a phial of floods


   Skills:
 O Level 27 Fighting
 O Level 27 Axes
 O Level 27 Throwing
 O Level 27 Armour
 - Level 14.0 Dodging
 O Level 27 Shields
 O Level 27 Spellcasting
 O Level 27 Conjurations
 + Level 23.3 Hexes
 O Level 27 Summonings
 O Level 27 Translocations
 O Level 27 Fire Magic
 O Level 27 Air Magic
 O Level 27 Earth Magic
 O Level 27 Invocations
 O Level 27 Evocations


You had 2 spell levels left.
You knew the following spells:

 Your Spells              Type           Power      Damage    Failure   Level
a - Vhi's Electric Charg  Tloc/Air       100%       N/A       0%          4
b - Manifold Assault      Tloc           100%       N/A       0%          4
c - Blink                 Tloc           100%       N/A       0%          2
d - Apportation           Tloc           100%       N/A       0%          1
e - Swiftness             Air            100%       N/A       0%          3
f - Dispersal             Tloc           63%        N/A       0%          6
g - Maxwell's Capacitive  Air            63%        ∞         1%          8
h - Ignition              Fire           63%        3d17      1%          8
i - Fire Storm            Conj/Fire      63%        8d16      4%          9
j - Chain Lightning       Conj/Air       63%        3d84      4%          9
k - Shatter               Erth           63%        3d47*     4%          9
l - Lehudib's Crystal Sp  Conj/Erth      63%        10d15     1%          8
m - Spellforged Servitor  Conj/Summ      63%        N/A       1%          7

Your spell library contained the following spells:

 Spells                   Type           Power      Damage    Failure   Level
 Foxfire                  Conj/Fire      100%       2x1d9     0%          1
 Kiss of Death            Conj/Necr      100%       2d13      0%          1
 Magic Dart               Conj           100%       1d8       0%          1
 Sandblast                Erth           100%       2d20      0%          1
 Shock                    Conj/Air       100%       1d9       0%          1
 Slow                     Hex            100%       N/A       0%          1
 Sting                    Conj/Alch      100%       1d9       0%          1
 Summon Small Mammal      Summ           100%       N/A       0%          1
 Call Imp                 Summ           100%       N/A       0%          2
 Jinxbite                 Hex            100%       N/A       0%          2
 Lesser Beckoning         Tloc           100%       N/A       0%          2
 Momentum Strike          Conj/Tloc      100%       3d10      0%          2
 Scorch                   Fire           100%       2d9       0%          2
 Searing Ray              Conj           100%       2d8       0%          2
 Static Discharge         Conj/Air       100%       3-8/arc   0%          2
 Cigotuvi's Dreadful Rot  Necr/Alch/Air  100%       N/A       1%          2
 Ensorcelled Hibernation  Hex/Ice        100%       N/A       1%          2
 Mercury Vapours          Alch/Air       100%       N/A       1%          2
 Freeze                   Ice            100%       1d10      3%          1
 Necrotise                Necr           100%       1d9       3%          1
 Sublimation of Blood     Necr           48%        N/A       4%          2
 Call Canine Familiar     Summ           100%       N/A       0%          3
 Confusing Touch          Hex            100%       N/A       0%          3
 Dazzling Flash           Conj/Hex       100%       N/A       0%          3
 Gell's Gravitas          Tloc           100%       N/A       0%          3
 Inner Flame              Hex/Fire       100%       N/A       0%          3
 Mephitic Cloud           Conj/Alch/Air  100%       N/A       0%          3
 Passwall                 Erth           100%       N/A       0%          3
 Sigil of Binding         Hex            100%       N/A       0%          3
 Stone Arrow              Conj/Erth      100%       3d13      0%          3
 Teleport Other           Tloc           100%       N/A       0%          3
 Tukima's Dance           Hex            100%       N/A       0%          3
 Volatile Blastmotes      Fire/Tloc      100%       2d18      0%          3
 Airstrike                Air            63%        2d(10-26) 0%          4
 Animate Armour           Summ/Erth      100%       N/A       0%          4
 Brom's Barrelling Bould  Conj/Erth      100%       2d11      0%          4
 Cause Fear               Hex            60%        N/A       0%          4
 Dimensional Bullseye     Hex/Tloc       62%        N/A       0%          4
 Flame Wave               Conj/Fire      100%       2d21      0%          4
 Iskenderun's Mystic Bla  Conj/Tloc      100%       2d19      0%          4
 Passage of Golubria      Tloc           100%       N/A       0%          4
 Summon Blazeheart Golem  Fire/Summ      100%       N/A       0%          4
 Summon Lightning Spire   Summ/Air       100%       N/A       0%          4
 Arcjolt                  Conj/Air       63%        1d73      0%          5
 Fireball                 Conj/Fire      63%        3d24      0%          5
 Iskenderun's Battlesphe  Conj           100%       2d15      0%          5
 Lee's Rapid Deconstruct  Erth           63%        3d29*     0%          5
 Silence                  Hex/Air        62%        N/A       0%          5
 Summon Forest            Summ/Tloc      63%        N/A       0%          5
 Summon Mana Viper        Hex/Summ       100%       N/A       0%          5
 Bombard                  Conj/Erth      63%        9d10      0%          6
 Conjure Ball Lightning   Conj/Air       63%        3x3d23    0%          6
 Plasma Beam              Fire/Air       63%        2x1d79    0%          6
 Starburst                Conj/Fire      63%        6d17      0%          6
 Summon Cactus Giant      Summ           63%        N/A       0%          6
 Hailstorm                Conj/Ice       98%        3d15      1%          3
 Summon Ice Beast         Ice/Summ       98%        N/A       1%          3
 Anguish                  Hex/Necr       46%        N/A       1%          4
 Fulminant Prism          Conj/Alch      49%        3d20      1%          4
 Ignite Poison            Fire/Alch      98%        N/A       1%          4
 Leda's Liquefaction      Alch/Erth      49%        N/A       1%          4
 Martyr's Knell           Necr/Summ      98%        N/A       1%          4
 Petrify                  Alch/Erth      98%        N/A       1%          4
 Sticky Flame             Fire/Alch      98%        2d14      1%          4
 Borgnjor's Vile Clutch   Necr/Erth      49%        N/A       1%          5
 Freezing Cloud           Conj/Ice/Air   54%        6-21      1%          5
 Irradiate                Conj/Alch      49%        3d28      1%          5
 Metabolic Englaciation   Hex/Ice        46%        N/A       1%          5
 Yara's Violent Unravell  Hex/Alch       46%        3d18      1%          5
 Enfeeble                 Hex            60%        N/A       1%          7
 Monstrous Menagerie      Summ           63%        N/A       1%          7
 Orb of Destruction       Conj           63%        9d15      1%          7
 Summon Hydra             Summ           63%        N/A       1%          7
 Discord                  Hex            60%        N/A       1%          8
 Disjunction              Tloc           63%        N/A       1%          8
 Dragon's Call            Summ           63%        N/A       4%          9
 Frozen Ramparts          Ice            96%        1d15      9%          3
 Fugue of the Fallen      Necr           48%        N/A       9%          3
 Ozocubu's Armour         Ice            48%        N/A       9%          3
 Vampiric Draining        Necr           48%        2d9       9%          3
 Haunt                    Necr/Summ      49%        N/A       10%         7
 Animate Dead             Necr           48%        N/A       28%         4
 Dispel Undead            Necr           48%        3d18      28%         4
 Olgreb's Toxic Radiance  Alch           48%        N/A       28%         4
 Alistair's Intoxication  Alch           32%        N/A       63%         5
 Curse of Agony           Necr           48%        N/A       63%         5
 Death Channel            Necr           24%        N/A       99%         6
 Eringya's Noxious Bog    Alch           24%        4d6       99%         6
 Sculpt Simulacrum        Ice/Alch       24%        N/A       99%         6
 Ozocubu's Refrigeration  Ice            24%        4d12      100%        7
 Polar Vortex             Ice            24%        12d3*     100%        9


Dungeon Overview and Level Annotations

Branches:
Dungeon (15/15)            Temple (1/1) D:6            Lair (5/5) D:9
  Swamp (4/4) Lair:2       Spider (4/4) Lair:3        Slime (5/5) Lair:5
    Orc (2/2) D:11            Elf (3/3) Orc:2        Vaults (5/5) D:13
  Crypt (3/3) Vaults:2       Tomb (3/3) Crypt:3      Depths (4/4) D:15
   Hell (visited)             Dis (7/7) Hell            Geh (7/7) Hell
    Coc (7/7) Hell            Tar (7/7) Hell            Zot (5/5) Depths:4
 Bailey (visited)           IceCv (visited)          WizLab (visited)
Desolation (visited)      Gauntlet (visited)

Altars:
Ashenzari
Cheibriados
Dithmenos
Elyvilon
Fedhas
Gozag
Hepliaklqana
Kikubaaqudgha
Makhleb
Nemelex Xobeh
Okawaru
Qazlal
Ru
Sif Muna
Trog
Uskayaw
Vehumet
Wu Jian
Xom
Yredelemnul
Zin
The Shining One
Beogh
Jiyva
Lugonu

Shops:
D:3 [   D:9 (   Orc:2 :(**   Elf:1 [(!   Elf:2 [:   Elf:3 :!:   Vaults:1 *
Vaults:5 (?   Depths:2 :==   Depths:4 *

Portals:
Hell: Depths:1 Depths:2 Depths:3 Depths:4
Abyss: Depths:2 Depths:3
Pandemonium: Orc:2 Depths:1 Depths:2 Depths:4
Ziggurat: Depths:4

Annotations:
Swamp:2 Roxanne
Orc:2 2 transporters, VAZYLA's ghost, journeyman GrFi


Innate Abilities, Weirdness & Mutations

You are partially covered in iridescent scales. (AC +2)
Your system is resistant to poisons. (rPois)


Message History

BONNNG!
Unknown command.
You slash the Tzitzimitl!
You kill the Tzitzimitl!
Zin accepts your kill.
Unknown command.
There is a stone staircase leading up here.
You climb upwards.
There is a stone staircase leading down here.
You feel yourself speed up.
There is a stone staircase leading up here.
You climb upwards.
There is a stone staircase leading down here.
A large abomination comes into view.
There is a stone staircase leading up here.
You climb upwards.
There is a stone staircase leading down here.
There is a stone staircase leading up here.
You climb upwards.
There is a stone staircase leading down here.
Your extra speed is starting to run out.
You feel yourself slow down.
A Brimstone Fiend comes into view.
You slice the Brimstone Fiend!!
The Brimstone Fiend convulses!
The Brimstone Fiend is moderately wounded.
Unknown command.
You slice the Brimstone Fiend like a ripe choko!!!
The Brimstone Fiend convulses!!
You kill the Brimstone Fiend!
Unknown command.
You feel yourself speed up.
You feel very buoyant.
You fly up into the air.
You feel very mighty all of a sudden.
You feel clever all of a sudden.
Casting: Vhi's Electric Charge (safe; 0% risk of failure)
Confirm with . or Enter, or press ? or * to list all spells.
You feel a surge of power!
You feel quick.
There is a staircase leading out of the dungeon here.
You have escaped!

#..#.P.......~.P..PP.
##.#..P...P~.......~.
#.#......P.P........
#.#.......~~.~....P#
#.#PP..P.PP.~....~P#
#.#~..P...~.~.....##
#.#~~~.~........###
#.#P~PP~.~.~#####
#.#@..P.#.P##
#.########## #######
#.############......
#..............#####
#.############.# ###
###


There were no monsters in sight!

Vanquished Creatures
  Cerebov (Pan)
  Asmodeus (Geh:7)
  Antaeus (Coc:7)
  Ereshkigal (Tar:7)
  Mnoleg (Pan)
  the Royal Jelly (Slime:5)
  Ignacio (Pan)
  Lom Lobon (Pan)
  A seraph (Pan)
  Gloorx Vloq (Pan)
  the Serpent of Hell (Coc:7)
  5 dread liches
  Tiamat (Zot:3)
  Dispater (Dis:7)
  10 ancient liches
  8 orbs of fire
  Khufu (Crypt:2)
  Mennas (Depths:4)
  3 juggernauts (Dis:7)
  Xtahua (Crypt:2)
  36 royal mummies
  Vv (Depths:4)
  21 shard shrikes
  7 Killer Klowns (Zot:5)
  Bai Suzhen (Spider:3)
  Parghit (Depths:3)
  4 curse toes
  Geryon (Hell)
  22 caustic shrikes
  Nikola (Spider:4)
  6 profane servitors
  7 golden dragons
  The ghost of Esecs the Devastator, a veteran GrEE of Lugonu (Crypt:1)
  103 pandemonium lords
  34 bone dragons
  99 Brimstone Fiends
  Arachne (Spider:4)
  2 pearl dragons (Pan)
  12 iron giants
  17 doom hounds
  6 electric golems
  92 Tzitzimimeh
  24 hellephants
  77 Ice Fiends
  27 Orb Guardians
  14 tentacled monstrosities
  A shard shrike skeleton (Crypt:3)
  8 liches
  16 tainted leviathans
  2 deep elf blademasters (Elf:3)
  99 Hell Sentinels
  3 walking frostbound tomes (Pan)
  23 titans
  21 acid blobs
  17 sphinxes
  2 deep elf master archers (Elf:3)
  159 Executioners
  5 quicksilver dragons
  17 searing wretches
  37 tentacled starspawn
  7 death cobs
  8 shadow dragons
  17 storm dragons
  9 tengu reavers
  43 ancient champions
  Donald (Swamp:3)
  2 thorn hunters (Swamp:4)
  10 azure jellies
  Aizul (Spider:1)
  18 narguns
  9 protean progenitors
  6 revenants
  A nagaraja (Pan)
  10 draconian knights
  22 fire giants
  15 rockslimes
  6 draconian monks
  9 frost giants
  2 fenstrider witches (Pan)
  7 draconian shifters
  9 emperor scorpions
  26 daevas
  107 demonspawn warmongers (Pan)
  2 imperial myrmidons (Desolation)
  7 deep elf elementalists
  3 deep elf sorcerers
  3 iron dragons
  4 draconian scorchers
  19 quicksilver elementals
  172 balrugs
  16 vault wardens
  3 curse skulls
  17 ghost moths
  A spectral caustic shrike (Tar:6)
  2 spectral juggernauts
  Louise (Elf:1)
  7 shard shrike simulacra
  198 reapers
  5 ghouls
  6 draconian stormcallers
  148 cacodemons
  2 orc warlords
  19 ironbound preservers
  7 quicksilver oozes
  7 draconian annihilators
  108 demonspawn blood saints (Pan)
  37 angels (Pan)
  14 stone giants
  7 formless jellyfish
  43 very ugly things
  12 caustic shrike skeletons
  6 juggernaut skeletons
  9 vampire knights
  25 ophanim
  15 black draconians
  92 demonspawn corrupters (Pan)
  11 ironbound thunderhulks
  6 broodmothers
  182 lorocyprocas
  124 demonspawn black suns (Pan)
  10 putrid mouths
  6 deep elf death magi
  10 deep elf demonologists
  18 bennus
  16 green draconians
  An eleionoma (Depths:3)
  15 purple draconians
  5 bunyips
  13 white draconians
  A halazid warlock (Desolation)
  4 minotaurs
  8 red draconians
  2 dire elephants (Vaults:3)
  28 elemental wellsprings
  14 yellow draconians
  37 apis (Pan)
  6 deep elf annihilators
  28 war gargoyles
  9 spark wasps
  17 wendigos
  25 eidola
  A spectral quicksilver dragon (Tar:5)
  174 blizzard demons
  A spectral iron giant (Tar:2)
  29 mummy priests
  10 ettins
  A merfolk javelineer (Crypt:1)
  Josephine (Lair:3)
  3 crystal guardians
  The ghost of Vuirau the Carver, a journeyman DsGl of Okawaru (D:15)
  16 yaktaur captains
  2 ragged hierophants (Desolation)
  A merfolk impaler (Crypt:1)
  117 green deaths
  4 jiangshi
  6 entropy weavers
  16 iron golems
  4 spectral spriggans
  9 great orbs of eyes
  16 hydras
  4 deep elf high priests
  3 servants of whispers (Desolation)
  4 fire dragons
  16 rakshasas
  6 salamander tyrants
  2 demonspawn (Orc:2)
  8 peacekeepers
  26 vault guards (Vaults:5)
  5 jorogumos
  6 juggernaut simulacra
  10 alligators
  A spectral tengu (Tar:1)
  6 spriggan skeletons
  58 hell beasts (Pan)
  A quicksilver dragon skeleton (Abyss:1)
  3 ghost crabs
  13 caustic shrike simulacra
  A radroach (Spider:2)
  2 spriggan air magi (Depths:3)
  7 ice dragons
  5 merfolk aquamancers (Pan)
  2 ogre magi
  Erica (Orc:1)
  A radroach (shapeshifter) (Vaults:5)
  A spectral stone giant (Tar:6)
  2 death knights
  5 ironbound frosthearts
  14 centaur warriors
  34 dancing weapons
  3 stokers
  A two-headed ogre (D:10)
  3 fenstrider witch skeletons
  16 boulder beetles
  2 deep troll shamans
  26 death scarabs
  An azure jelly zombie (Crypt:2)
  30 hell hogs
  A death yak (Lair:5)
  2 spectral nagas
  3 occultists
  6 holy swine (Pan)
  2 spriggan berserkers
  10 vampire magi
  3 orc high priests
  248 demonic crawlers
  10 deep troll earth magi
  A spectral storm dragon (Tar:1)
  3 shock serpents (Pan)
  A shock serpent (shapeshifter) (Vaults:5)
  A spectral dire elephant (Tar:1)
  21 thrashing horrors
  502 soul eaters
  3 tengu warriors
  27 hell knights
  A storm dragon zombie (Abyss:2)
  61 skeletal warriors
  5 crystal echidnas
  4 hellephant skeletons (Pan)
  39 wretched stars
  7 deep elf knights
  207 sixfirhies
  728 sun demons
  6 skysharks
  41 deep trolls
  A spectral bunyip (Tar:2)
  25 shadow wraiths
  6 pharaoh ants
  7 iron trolls
  A storm dragon skeleton (Tomb:3)
  4 goliath frogs
  2 anaconda zombies
  4 spriggan druids
  A bunyip zombie (Hell)
  2 quicksilver dragon simulacra
  6 glowing orange brains
  7 spatial maelstroms (Abyss:3)
  Lodul (D:14)
  25 cherubim (Pan)
  5 deep elf archers
  A glowing orange brain (shapeshifter) (Vaults:5)
  162 shadow demons
  6 orb spiders
  8 swamp dragons
  A deep troll (shapeshifter) (Vaults:5)
  22 sun moths
  2 bog bodies
  2 spectral iron dragons (Tar:1)
  6 arcanists
  13 deep elf zephyrmancers
  A fenstrider witch simulacrum (Abyss:2)
  13 ironbound convokers
  12 phantasmal warriors
  2 bunyip skeletons
  A spectral hydra (Tar:2)
  2 anaconda skeletons
  3 spectral ettins
  6 orc knights
  8 flayed ghosts
  A stone giant zombie (Abyss:1)
  2 orange crystal statues
  A broodmother zombie (Crypt:1)
  11 shining eyes
  3 steelbarb worms
  2 lightning spires (WizLab)
  9 lindwurms
  6 manticores
  A jorogumo zombie (Crypt:2)
  19 deep elf pyromancers
  57 ugly things
  9 orc sorcerers
  7 necromancers
  22 wolf spiders
  18 worldbinders
  4 cyclopes
  A frost giant zombie (Crypt:2)
  An iron dragon skeleton (Abyss:1)
  6 salamanders
  An alligator skeleton (Abyss:1)
  30 rust devils
  4 will-o-the-wisps
  23 moths of wrath
  2 toenail golems
  A frost giant skeleton (Crypt:1)
  2 spectral centaurs
  9 apocalypse crabs
  18 elephants
  4 Executioner simulacra (Pan)
  A moth of wrath (shapeshifter) (Vaults:5)
  A water nymph (Depths:3)
  An eleionoma skeleton (Crypt:2)
  189 orange demons
  3 storm dragon simulacra (Coc:1)
  8 molten gargoyles
  6 torpor snails
  7 ice statues
  3 stone giant skeletons (Crypt:3)
  576 smoke demons
  A centaur skeleton (Tomb:1)
  5 black mambas
  13 cane toads
  19 vault sentinels
  5 titan simulacra
  3 dire elephant skeletons (Crypt:3)
  11 gargoyles
  4 eyes of devastation
  466 large abominations
  5 naga skeletons
  7 rime drakes
  3 kobold demonologists
  A yaktaur (shapeshifter) (Vaults:5)
  A sea snake zombie (Crypt:2)
  Maggie (D:7)
  2 centaur zombies
  140 hellions
  39 efreet
  A bunyip simulacrum (Crypt:2)
  A minotaur zombie (Crypt:2)
  28 ice devils
  An iron troll zombie (Crypt:1)
  4 tengu conjurers
  152 tormentors
  9 anaconda simulacra
  43 yaktaurs
  9 freezing wraiths
  8 komodo dragons
  A dryad (Depths:3)
  4 harpy zombies
  A hydra zombie (Abyss:2)
  21 ancient zymes
  2 iron giant simulacra
  60 red devils
  A tengu simulacrum (Coc:1)
  218 hellwings
  A silent spectre (Tar:6)
  4 spectral harpies
  2 polar bears (Lair:3)
  39 guardian mummies
  8 trolls
  2 tyrant leeches
  18 tarantellas
  28 saltlings (Desolation)
  2 blink frogs (shapeshifter)
  16 blink frogs
  A culicivora zombie (Crypt:3)
  12 hornets
  5 harpy skeletons
  3 stone giant simulacra
  3 iron dragon simulacra
  4 merfolk
  A hydra skeleton (Crypt:2)
  4 glass eyes
  A boulder beetle zombie (Crypt:2)
  69 raiju
  A merfolk zombie (Abyss:1)
  7 dream sheep
  An ettin zombie (Tomb:2)
  22 jumping spiders
  3 air elementals
  113 slime creatures
  9 spriggans
  A wind drake zombie (Crypt:1)
  9 dire elephant simulacra
  3 shadows
  10 culicivoras
  A fire dragon skeleton (Crypt:3)
  A black mamba zombie (Hell)
  12 wraiths
  2 centaur simulacra
  A wyvern (shapeshifter) (Abyss:2)
  11 fire bats
  435 ynoxinuls
  A vampire (Abyss:2)
  2 alligator snapping turtle simulacra
  An ettin skeleton (Abyss:1)
  24 ushabtiu
  113 starcursed masses
  2 humans (shapeshifter) (Abyss:1)
  2 steam dragons (Lair:5)
  7 wyverns
  17 fire elementals
  4 golden eyes
  41 yaks
  221 neqoxecs
  7 water elementals
  59 redbacks
  9 basilisks
  A warg (Orc:2)
  Menkaure (D:4)
  10 vampire mosquitoes
  13 swamp worms
  2 death yak simulacra (IceCv)
  383 chaos spawn
  3 naga zombies
  18 harpy simulacra
  3 hydra simulacra
  11 spatial vortices (Abyss:3)
  An acid dragon (D:8)
  19 water moccasins
  A skyshark zombie (Crypt:2)
  A glowing shapeshifter skeleton (Crypt:3)
  23 hell hounds
  4 black bears
  3 ettin simulacra
  A manticore zombie (Crypt:3)
  40 orc warriors
  12 swamp drakes
  3 ice beasts
  6 ogres
  A blink frog skeleton (Crypt:3)
  66 small abominations
  45 laughing skulls
  4 boggarts (Vaults:3)
  24 wolves
  A hog zombie (Crypt:3)
  8 centaurs
  3 phantoms (D:5)
  16 weeping skulls
  A salamander zombie (Crypt:2)
  A kobold brigand (Abyss:2)
  A swamp dragon skeleton (Crypt:3)
  7 brain worms
  15 bullfrogs
  6 earth elementals
  4 scorpions (D:5)
  2 gnoll sergeants
  6 two-headed ogre simulacra (IceCv)
  3 cane toad simulacra (IceCv)
  8 necrophages
  2 wyvern zombies
  A wight (Abyss:2)
  3 spriggan zombies
  3 elephant simulacra (IceCv)
  15 killer bees
  A swamp dragon simulacrum (Hell)
  4 howler monkeys
  7 electric eels
  3 crimson imps
  3 lava snakes (Lair:5)
  2 jellies
  A bullfrog zombie (D:7)
  13 quasits
  5 bombardier beetles
  5 hounds
  A bullfrog skeleton (Crypt:1)
  23 orc priests
  Crazy Yiuf (D:2)
  2 gnoll boudas
  13 iron imps
  2 sleepcaps (D:6)
  Jessica (D:2)
  6 iguanas
  29 orc wizards
  3 hell rats (D:15)
  11 spriggan simulacra
  5 troll simulacra (IceCv)
  A wolf simulacrum (IceCv)
  A tengu skeleton (Crypt:3)
  45 mummies
  2 howler monkey zombies (D:8)
  12 adders
  22 gnolls
  A howler monkey skeleton (Crypt:3)
  11 naga simulacra
  2 shadow imps
  24 white imps
  23 ufetubi
  A ribbon worm (D:2)
  4 dart slugs
  97 orcs
  5 bats
  6 endoplasms
  11 goblins
  6 hobgoblins
  5 jackals
  3 quokkas
  A river rat zombie (Crypt:1)
  3 ball pythons
  A ball python skeleton (Crypt:1)
  3 frilled lizards (D:1)
  A frilled lizard zombie (Crypt:2)
  28 kobolds
  A kobold skeleton (Crypt:2)
  8 rats
  A spectral kobold (D:8)
  An aspiring flesh (Pan)
  4 ball lightnings (Pan)
  7 creeping infernos
  18 fire vortices
  A foxfire (Elf:3)
  2 lurking horrors
  31 starspawn tentacles
11152 creatures vanquished.

Vanquished Creatures (collateral kills)
  Sojobo (Vaults:2)
  5 shard shrikes
  7 caustic shrikes
  An iron giant (Dis:7)
  2 tentacled monstrosities (Depths:3)
  A titan (Coc:6)
  An Executioner (Pan)
  2 ancient champions (Dis:7)
  A fire giant (Depths:3)
  2 narguns (Coc:7)
  An iron dragon (Dis:7)
  An imperial myrmidon (Desolation)
  2 emperor scorpions (Spider:1)
  2 frost giants (Coc:6)
  A vault warden (Vaults:2)
  2 deep elf elementalists (Depths:3)
  A balrug (Pan)
  A ghoul (Swamp:4)
  An orc warlord (Vaults:1)
  A demonspawn blood saint (Pan)
  3 ironbound thunderhulks
  A stone giant (Depths:2)
  4 ironbound preservers
  A demonspawn black sun (Pan)
  6 very ugly things
  An eleionoma (Swamp:1)
  3 wendigos
  An elemental wellspring (Coc:6)
  4 war gargoyles (Dis:7)
  A dire elephant (Vaults:3)
  An iron golem (Dis:4)
  5 ragged hierophants (Desolation)
  A shambling mangrove (Swamp:4)
  A servant of whispers (Desolation)
  4 great orbs of eyes
  2 caustic shrike simulacra (Coc:5)
  2 hydras
  2 centaur warriors
  A jorogumo (Spider:4)
  A ghost crab (Swamp:3)
  A deep troll earth mage (Depths:3)
  4 dancing weapons
  2 ironbound frosthearts
  2 death yaks (Lair:5)
  A boulder beetle (D:15)
  A radroach (Spider:4)
  A tengu warrior (Depths:1)
  2 orc high priests (Orc:2)
  A demonic crawler (Spider:3)
  2 deep elf knights (Elf:2)
  2 hell knights (Depths:3)
  Sonja (D:13)
  A spectral death yak (Gauntlet)
  A fire crab (Lair:5)
  A crystal echidna (Dis:6)
  4 sixfirhies
  2 iron trolls
  21 deep trolls
  3 goliath frogs
  3 quicksilver dragon simulacra
  5 orb spiders
  3 bog bodies
  8 ironbound convokers
  An arcanist (Vaults:3)
  3 swamp dragons
  3 orc knights
  A lindwurm (Vaults:1)
  A steelbarb worm (Spider:4)
  A deep elf pyromancer (Elf:2)
  2 deep elf zephyrmancers (Elf:2)
  An orc sorcerer (Orc:2)
  3 ugly things (D:15)
  6 wolf spiders
  2 manticores
  A moth of wrath (Spider:4)
  2 elephants
  5 vault sentinels
  2 black mambas (Lair:5)
  3 molten gargoyles
  A torpor snail (Spider:4)
  2 cane toads
  A komodo dragon (Lair:5)
  2 rime drakes (D:15)
  2 tengu conjurers
  A freezing wraith (Coc:4)
  8 yaktaurs
  An iron giant simulacrum (Coc:6)
  A troll (shapeshifter) (D:14)
  4 tarantellas
  11 saltlings (Desolation)
  3 dream sheep (Lair:5)
  3 iron dragon simulacra (Coc:7)
  2 dire elephant simulacra
  2 culicivoras
  4 slime creatures
  6 jumping spiders
  A spriggan (Depths:3)
  A water elemental (Depths:4)
  7 wyverns
  A wraith (D:12)
  7 yaks
  7 basilisks
  A vampire mosquito (Swamp:1)
  A neqoxec (Orc:2)
  A chaos spawn (Orc:2)
  11 redbacks
  5 harpy simulacra
  3 swamp worms
  5 hell hounds
  A hydra simulacrum (IceCv)
  2 swamp drakes
  6 orc warriors
  A boggart (Vaults:3)
  5 ogres
  A wolf (Lair:5)
  3 two-headed ogre simulacra (IceCv)
  A cane toad simulacrum (IceCv)
  2 lava snakes (Lair:5)
  5 orc priests (Orc:2)
  A hell rat (D:15)
  3 spriggan simulacra
  A troll simulacrum (IceCv)
  2 white imps (IceCv)
  An ufetubus (IceCv)
  9 orcs
339 creatures vanquished.

Vanquished Creatures (others)
  A pandemonium lord (Pan)
  An eldritch tentacle (Pan)
  2 demonspawn warmongers (Pan)
  2 balrugs
  4 demonspawn blood saints (Pan)
  A draconian annihilator (Zot:1)
  A purple draconian (Zot:1)
  A green death (Pan)
  An entropy weaver (Spider:4)
  A hydra (Swamp:4)
  A merfolk aquamancer (Pan)
  An alligator (Swamp:4)
  A soul eater (Pan)
  3 sun demons (Pan)
  A sixfirhy (Pan)
  2 quicksilver dragon simulacra
  2 large abominations (Pan)
  3 spriggan simulacra
  A sun moth (Pan)
  A shadow demon (Pan)
  2 smoke demons (Pan)
  3 orange demons (Pan)
  2 hellions
  2 bloated husks
  A hellwing (Pan)
  An iron dragon simulacrum (Coc:6)
  4 ynoxinuls (Pan)
  A culicivora (Spider:1)
  A vampire mosquito (D:13)
  5 chaos spawn (Pan)
  An ufetubus (Abyss:1)
  2 ball lightnings (Pan)
  3 creeping infernos
  122 fire vortices
  92 foxfires
  2 lurking horrors
  A spectral weapon (Pan)
  56 starspawn tentacles
332 creatures vanquished.

Grand Total: 11823 creatures vanquished

Notes
Turn   | Place    | Note
-------+----------+-------------------------------------------
     0 | D:1      | Stirner the Hill Orc Cinder Acolyte began the quest for the
                  | Orb.
     0 | D:1      | Reached XP level 1. HP: 19/19 MP: 2/2
   143 | D:1      | Reached XP level 2. HP: 27/27 MP: 3/3
   656 | D:1      | Learned a level 2 spell: Scorch
   786 | D:1      | You fall into a shaft and drop 1 floor!
   800 | D:2      | Reached XP level 3. HP: 33/33 MP: 4/4
   866 | D:2      | Reached skill level 1 in Armour
   891 | D:2      | Found a faded altar of an unknown god.
  1591 | D:2      | Reached skill level 5 in Axes
  1611 | D:2      | Reached XP level 4. HP: 27/40 MP: 5/5
  1697 | D:2      | Noticed Jessica
  1917 | D:3      | Found Lejykati's Antique Armour Boutique.
  2165 | D:3      | Found a white marble altar of Elyvilon.
  2323 | D:3      | Reached XP level 5. HP: 46/46 MP: 6/6
  2397 | D:3      | Found a glowing golden altar of the Shining One.
  2454 | D:4      | Noticed Menkaure
  2857 | D:4      | Reached XP level 6. HP: 38/52 MP: 7/7
  3372 | D:4      | Found a bloodstained altar of Trog.
  3374 | D:4      | Found an opulent altar of Gozag.
  3418 | D:4      | Found a sacrificial altar of Ru.
  3443 | D:4      | Noticed a black bear
  3557 | D:5      | Entered Level 5 of the Dungeon
  3579 | D:5      | Noticed a black bear
  3624 | D:5      | Killed a black bear
  3625 | D:5      | Reached XP level 7. HP: 26/60 MP: 8/8
  3868 | D:5      | Reached skill level 5 in Fighting
  4068 | D:4      | Found an iron altar of Okawaru.
  4068 | D:4      | Found a stormy altar of Qazlal.
  4199 | D:5      | Reached XP level 8. HP: 62/70 MP: 9/9
  4268 | D:5      | Reached skill level 10 in Axes
  4861 | D:4      | Found a snail-covered altar of Cheibriados.
  5129 | D:2      | Found a runed translucent door.
  5130 | D:2      | Noticed Crazy Yiuf
  5224 | D:2      | Killed Jessica
  5506 | D:4      | Killed Menkaure
  5507 | D:4      | Reached skill level 5 in Armour
  5974 | D:5      | Reached XP level 9. HP: 58/81 MP: 10/10
  6591 | D:6      | Found a staircase to the Ecumenical Temple.
  6604 | Temple   | Entered the Ecumenical Temple
  6730 | D:6      | Found a burning altar of Makhleb.
  7144 | D:7      | Noticed Maggie
  7187 | D:7      | Killed Maggie
  7338 | D:7      | Found a flagged portal.
  7355 | Bailey   | Entered a bailey
  7444 | Bailey   | Identified the +1 robe "Happizac" {rPois rF- Will+ Str+3}
  7693 | Bailey   | Reached skill level 1 in Throwing
  8210 | D:7      | Reached XP level 10. HP: 89/91 MP: 11/11
  8220 | D:7      | Found a basalt altar of Yredelemnul.
  8300 | D:7      | Reached skill level 10 in Fighting
  8753 | D:8      | Found a hide-covered altar of Uskayaw.
  9024 | D:8      | Found a hazy altar of Hepliaklqana.
  9224 | D:8      | Found an ornate altar of the Wu Jian Council.
  9456 | D:8      | Found a blossoming altar of Fedhas.
  9729 | D:6      | Noticed a gargoyle
  9729 | D:6      | Noticed a gargoyle
  9985 | D:6      | Killed a gargoyle
 10136 | D:6      | Killed a gargoyle
 10472 | D:2      | Killed Crazy Yiuf
 10473 | D:2      | Reached skill level 10 in Armour
 11131 | D:9      | Found a staircase to the Lair.
 11146 | D:9      | Reached XP level 11. HP: 96/101 MP: 12/12
 11451 | D:9      | Found Keopeq's Weapon Emporium.
 11529 | D:10     | Entered Level 10 of the Dungeon
 11977 | D:10     | Noticed a two-headed ogre
 11995 | D:10     | Killed a two-headed ogre
 12080 | D:10     | Reached skill level 15 in Axes
 12205 | D:10     | Found a sparkling altar of Nemelex Xobeh.
 12370 | D:10     | Found Zin's Purification Station.
 12381 | D:10     | Found a glowing silver altar of Zin.
 12386 | D:10     | Bought a potion of curing for 90 gold pieces
 12752 | D:11     | Noticed a cyclops
 12820 | D:11     | Killed a cyclops
 13587 | D:11     | Found the +18 shield of the Gong {Loud rN+ Will+ rCorr
                  | EV-5}
 13650 | D:11     | Found a staircase to the Orcish Mines.
 14002 | Lair:1   | Entered Level 1 of the Lair of Beasts
 14040 | Lair:1   | Reached skill level 1 in Shields
 14040 | Lair:1   | Reached XP level 12. HP: 98/115 MP: 13/13
 14218 | Lair:1   | Reached skill level 5 in Shields
 15526 | Lair:2   | Noticed a skyshark
 15538 | Lair:1   | Killed a skyshark
 15555 | Lair:2   | Noticed a four-headed hydra
 15564 | Lair:1   | Killed a one-headed hydra
 15638 | Lair:1   | Reached skill level 10 in Shields
 15688 | Lair:1   | Reached XP level 13. HP: 124/124 MP: 14/14
 15842 | Lair:2   | Found a staircase to the Swamp.
 16704 | Lair:3   | Noticed Josephine
 16724 | Lair:3   | Killed Josephine
 17125 | Lair:3   | Found a hole to the Spider Nest.
 17203 | Lair:3   | Identified the +4 whip of Facexkit {drain, rPois Str+3}
 17654 | Lair:4   | Found a gate leading to a gauntlet.
 17701 | Gauntlet | Entered a Gauntlet
 17701 | Gauntlet | Found a transporter.
 17701 | Gauntlet | Found a runed translucent door.
 17702 | Gauntlet | Found a runed translucent door.
 17708 | Gauntlet | Found a transporter.
 17711 | Gauntlet | Found a transporter.
 17712 | Gauntlet | Found a transporter.
 17723 | Gauntlet | Found a transporter.
 17724 | Gauntlet | Found a transporter.
 17733 | Gauntlet | Found a transporter.
 17736 | Gauntlet | Found a transporter.
 17737 | Gauntlet | Found a transporter.
 17743 | Gauntlet | Found a runed translucent gate.
 17743 | Gauntlet | Found a runed translucent gate.
 17745 | Gauntlet | Found a runed translucent gate.
 17745 | Gauntlet | Found a transporter.
 17748 | Gauntlet | Found a transporter.
 17749 | Gauntlet | Found a transporter.
 17757 | Gauntlet | Found a transporter.
 17815 | Gauntlet | Found a transporter.
 17994 | Gauntlet | Identified the +0 helmet of Koewn {rElec}
 18067 | Gauntlet | Reached XP level 14. HP: 133/133 MP: 15/15
 18072 | Gauntlet | Identified the +0 pair of gloves of Vexation {Regen+ Dex+3}
 18135 | Gauntlet | Reached skill level 15 in Fighting
 18253 | Gauntlet | Got Sif Muna's Elucidation of Unholy Secrets and the
                  | Snowflakes
 18988 | Lair:5   | Entered Level 5 of the Lair of Beasts
 18988 | Lair:5   | Found a staircase to the Slime Pits.
 18988 | Lair:5   | Found a viscous altar of Jiyva.
 19742 | Lair:5   | Found a large runed translucent door.
 19742 | Lair:5   | Found a large runed translucent door.
 19758 | Lair:5   | Reached XP level 15. HP: 135/144 MP: 16/16
 20402 | Orc:1    | Entered Level 1 of the Orcish Mines
 20515 | Orc:2    | Entered Level 2 of the Orcish Mines
 20545 | Orc:2    | Found a roughly hewn altar of Beogh.
 20585 | Orc:2    | Found Satol's Magic Scroll Boutique.
 20595 | Orc:2    | Found Kujough's General Store.
 20774 | Orc:2    | Bought a scroll of brand weapon for 133 gold pieces
 20814 | Orc:2    | Found Gusaal's Antique Weapon Shoppe.
 20814 | Orc:2    | Found Kofech's Book Emporium.
 20815 | Orc:2    | Found a one-way gate leading to the halls of Pandemonium.
 20907 | Orc:2    | Found Nyir's General Store.
 20919 | Orc:2    | Bought a +2 plate armour of cold resistance for 480 gold
                  | pieces
 20919 | Orc:2    | Bought a scroll of butterflies for 48 gold pieces
 20919 | Orc:2    | Bought a potion of resistance for 120 gold pieces
 21043 | Orc:2    | Found a transporter.
 21048 | Orc:2    | Noticed VAZYLA's ghost (journeyman GrFi)
 21058 | Orc:2    | Found a staircase to the Elven Halls.
 21073 | Orc:2    | Found a transporter.
 21645 | Orc:1    | Noticed Erica
 21655 | Orc:1    | Killed Erica
 21678 | Orc:1    | Found a roughly hewn altar of Beogh.
 22257 | D:12     | Identified the +1 robe "Kibuhic" {Will+++ Int-2 Dex-5 SInv}
 22404 | D:12     | Identified the +5 ring mail of the Ikuchi {Str+3}
 22584 | D:13     | Found a frozen archway.
 22622 | IceCv    | Entered an ice cave
 23604 | D:13     | Noticed Sonja
 23614 | D:13     | Killed Sonja
 23799 | D:13     | Found a gate to the Vaults.
 24107 | D:14     | Reached XP level 16. HP: 157/157 MP: 17/17
 24111 | D:14     | Reached skill level 1 in Evocations
 24143 | D:14     | Noticed Lodul
 24152 | D:14     | Killed Lodul
 25403 | D:15     | Entered Level 15 of the Dungeon
 25415 | D:15     | Reached skill level 15 in Armour
 25447 | D:15     | Reached skill level 5 in Evocations
 25555 | D:15     | Found a shimmering blue altar of Sif Muna.
 25768 | D:15     | Found a runed translucent door.
 25771 | D:15     | Found a shimmering altar of Xom.
 25771 | D:15     | Noticed Vuirau's ghost (journeyman DsGl)
 25783 | D:15     | Killed Vuirau's ghost
 25853 | D:15     | Found a staircase to the Depths.
 26162 | Spider:1 | Entered Level 1 of the Spider Nest
 26197 | Spider:1 | Identified the serpent talisman "Huociawo" {Int+2 SInv
                  | Stlth+}
 26197 | Spider:1 | Noticed Aizul
 26210 | Spider:1 | Killed Aizul
 26627 | Spider:1 | Reached XP level 17. HP: 154/163 MP: 18/18
 26851 | Spider:2 | Reached skill level 10 in Evocations
 26966 | Spider:2 | Reached skill level 15 in Shields
 27815 | Spider:3 | Noticed Bai Suzhen
 27837 | Spider:3 | Killed Bai Suzhen
 28509 | Spider:4 | Entered Level 4 of the Spider Nest
 28514 | Spider:4 | Noticed Nikola
 28522 | Spider:4 | Reached skill level 1 in Translocations
 28538 | Spider:4 | Killed Nikola
 28761 | Spider:4 | Reached XP level 18. HP: 153/172 MP: 19/19
 28785 | Spider:4 | Noticed Arachne
 28803 | Spider:4 | Killed Arachne
 28839 | Spider:4 | Reached skill level 5 in Translocations
 29518 | Spider:4 | Got a gossamer rune of Zot
 29789 | Swamp:1  | Entered Level 1 of the Swamp
 30304 | Swamp:2  | Noticed Roxanne
 31000 | Swamp:3  | Identified the +3 dagger of Peace {flame, Str+4}
 31319 | Swamp:3  | Noticed Donald
 31332 | Swamp:3  | Killed Donald
 31567 | Swamp:3  | Learned a level 4 spell: Manifold Assault
 31582 | Swamp:4  | Entered Level 4 of the Swamp
 31763 | Swamp:4  | Reached XP level 19. HP: 179/179 MP: 25/25
 31855 | Swamp:4  | Got a decaying rune of Zot
 32489 | Vaults:1 | Entered Level 1 of the Vaults
 32816 | Vaults:1 | Reached skill level 10 in Translocations
 32856 | Vaults:1 | Reached skill level 5 in Spellcasting
 33071 | Vaults:1 | Found a transporter.
 33071 | Vaults:1 | Found Buorhuapt's Assorted Antiques.
 33108 | Vaults:1 | Found a transporter.
 33985 | Vaults:2 | Reached XP level 20. HP: 152/187 MP: 29/29
 33989 | Vaults:2 | Noticed Sojobo
 34001 | Vaults:2 | Killed Sojobo
 34325 | Vaults:2 | Found a staircase to the Crypt.
 34325 | Vaults:2 | Found a basalt altar of Yredelemnul.
 34325 | Vaults:2 | Found an ancient bone altar of Kikubaaqudgha.
 35150 | Vaults:3 | Found a crumbling gateway.
 35167 | Desolati | Entered the Desolation of Salt
 35200 | Desolati | Identified the amulet "Buigheaw" {Reflect Str+5 SH+5}
 35202 | Desolati | Identified the ring "Sockaum" {rN+ Will+ MP+9}
 35258 | Desolati | HP: 7/183 [ragged hierophant/a resonance strike (21)]
 35347 | Desolati | Identified the +7 mace "Baen" {flame, rF+ rCorr}
 35348 | Desolati | Identified the ring "Biula" {Str+6 Int+2 Dex+6}
 35600 | Desolati | Found the +3 giant club "Skullcrusher" {speed, Str+7}
 35607 | Desolati | Got the Guidebook on Incandescence
 35609 | Desolati | Got the Omnibus of Turbulence and the Crater
 35615 | Desolati | Got Etwucsia's Precepts of Distillation
 35617 | Desolati | Got the Codex of Ouranomancy
 35740 | Desolati | Identified the ring of the Freezing God {Str+6 Int+8}
 35753 | Desolati | Identified the +3 robe of Mefat {rPois Will+ SInv}
 35761 | Desolati | Got the Thoughts on Nonlocality
 36857 | Vaults:3 | Reached XP level 21. HP: 194/194 MP: 33/33
 36966 | Vaults:4 | Found a magical portal.
 36991 | WizLab   | Entered Maxwell's Workshop
 37144 | WizLab   | Identified the ring "Xeruet" {Fire Fly Str-4 Dex-5 SInv}
 37146 | WizLab   | Identified the ring of Modesty {Fire Int+3}
 37299 | WizLab   | Identified the ring of Jelietein {Fire +Blink}
 37610 | WizLab   | Reached skill level 10 in Spellcasting
 37705 | WizLab   | Identified the ring of the Stallion {Ice Stlth+}
 37922 | WizLab   | Identified the +8 dagger of the Gnashing Gods {holy, ^Drain
                  | rN+++ Int+4}
 37935 | WizLab   | Identified the ring "Ahiycrap" {Ice rPois Slay+5 SInv
                  | Stlth+}
 37943 | WizLab   | Identified the +0 chain mail of Pantheism {-Cast rC+ Dex+3}
 39660 | Elf:1    | Entered Level 1 of the Elven Halls
 39693 | Elf:1    | Found Xuojost's Antique Armour Emporium.
 39695 | Elf:1    | Found Lan Zog's Antique Weapon Shoppe.
 39697 | Elf:1    | Found Syus's Distillery.
 39706 | Elf:1    | Bought a potion of enlightenment for 70 gold pieces
 39706 | Elf:1    | Bought a potion of haste for 140 gold pieces
 39706 | Elf:1    | Bought a potion of haste for 140 gold pieces
 39706 | Elf:1    | Bought a potion of might for 56 gold pieces
 39706 | Elf:1    | Bought a potion of heal wounds for 70 gold pieces
 39706 | Elf:1    | Bought a potion of magic for 112 gold pieces
 39706 | Elf:1    | Bought a potion of curing for 42 gold pieces
 39716 | Elf:1    | Bought a pair of warped boots for 361 gold pieces
 39716 | Elf:1    | Identified the +1 pair of boots of Inink {rF+ rN+ Slay-5}
                  | (You bought it in a shop on level 1 of the Elven Halls)
 39726 | Elf:1    | Bought a steaming broad axe for 306 gold pieces
 39726 | Elf:1    | Identified the +3 broad axe of Extinguishment {freeze,
                  | Int+2} (You bought it in a shop on level 1 of the Elven
                  | Halls)
 40381 | Elf:1    | Noticed Louise
 40391 | Elf:1    | Killed Louise
 41153 | Elf:2    | Found Getissou's Book Boutique.
 41153 | Elf:2    | Found Waiphytt's Antique Armour Shop.
 41171 | Elf:2    | Bought an embroidered cloak for 202 gold pieces
 41189 | Elf:2    | Bought a masterwork plate armour for 756 gold pieces
 41189 | Elf:2    | Identified the +8 plate armour "Asiseloq" {Fly} (You bought
                  | it in a shop on level 2 of the Elven Halls)
 41272 | Elf:2    | Identified the +3 ring mail "Ahixza" {Dex+3}
 41583 | Elf:2    | Found a runed translucent gate.
 41583 | Elf:2    | Found a runed translucent gate.
 41583 | Elf:2    | Found a runed translucent gate.
 41592 | Elf:2    | Reached XP level 22. HP: 209/209 MP: 31/36
 42142 | Elf:3    | Entered Level 3 of the Elven Halls
 42155 | Elf:3    | Found Zenoadug's Book Emporium.
 42443 | Elf:3    | Found Vathru's Distillery.
 42870 | Elf:3    | Found Niocit's Book Shop.
 43178 | Elf:3    | Identified the +10 morningstar of Malum Prohibitum {heavy,
                  | rCorr}
 43205 | Elf:3    | Identified the +0 chain mail of the Bulwark {*Corrode rElec
                  | Int+6}
 43416 | Elf:3    | Identified the +7 halberd of the Sheltering Gods {venom,
                  | rCorr Str-4 Dex+2}
 43416 | Elf:3    | Identified the +3 quarterstaff "Hydrabane" {elec, Str+3}
 43494 | Elf:3    | Identified the +3 quarterstaff of Zipaax {spect, ^Fragile
                  | rPois Will- MP+9}
 43664 | Elf:3    | Got the Meditations on Support
 43672 | Elf:3    | Identified the +4 shortbow of Slow Death {freeze, +Blink
                  | Str+5}
 43682 | Elf:3    | Identified the +6 sling of the End {elec, rPois rC+ Str-4}
 44193 | Depths:1 | Entered Level 1 of the Depths
 44335 | Depths:1 | Found a gateway to Hell.
 44748 | Depths:1 | Identified the +0 ring mail "Wiutt" {rPois rF+ Slay+3
                  | Stlth-}
 45095 | Depths:2 | Identified the amulet of Nohuw Upau {Reflect rF- rN+ Int+5
                  | SH+5}
 45134 | Depths:2 | Reached XP level 23. HP: 156/222 MP: 3/37
 45800 | Depths:2 | Found a portal to a secret trove of treasure.
 45923 | Depths:2 | Found Uceased's Jewellery Shop.
 45924 | Depths:2 | Found Myxzezoe's Book Shoppe.
 45925 | Depths:2 | Found Tukaluferch's Jewellery Shop.
 45949 | Depths:2 | Bought the ring "Gaqiemih" {Will+ Dex+3 Slay+3} for 712
                  | gold pieces
 46052 | Depths:2 | Found a one-way gate to the infinite horrors of the Abyss.
 46826 | Depths:3 | Found a corrupted altar of Lugonu.
 47188 | Depths:3 | Identified the +5 hand axe of the Enchanted Forest {freeze,
                  | rCorr}
 47345 | Depths:4 | Entered Level 4 of the Depths
 47345 | Depths:4 | Found a one-way gateway to a ziggurat.
 47616 | Depths:4 | Found a hide-covered altar of Uskayaw.
 48158 | D:3      | Fell from the grace of Ignis
 48158 | D:3      | Became a worshipper of the Shining One
 48930 | Depths:4 | Noticed Parghit
 48930 | Depths:4 | Found Doideoj's Assorted Antiques.
 49254 | Crypt:1  | Entered Level 1 of the Crypt
 49268 | Crypt:1  | Reached * piety under the Shining One
 49520 | Crypt:1  | Reached ** piety under the Shining One
 49720 | Crypt:1  | Identified a scroll of acquirement
 49807 | Crypt:1  | Reached *** piety under the Shining One
 49903 | Crypt:1  | You fall into a shaft and drop 1 floor!
 49934 | Crypt:2  | Noticed Xtahua
 49954 | Crypt:2  | Killed Xtahua
 49955 | Crypt:2  | Reached XP level 24. HP: 192/224 MP: 21/39
 49985 | Crypt:2  | Reached **** piety under the Shining One
 50122 | Crypt:2  | Noticed a royal mummy
 50125 | Crypt:2  | Noticed Khufu
 50256 | Crypt:1  | Reached ***** piety under the Shining One
 50432 | Crypt:1  | Acquired the +0 pair of gloves of the Garden {rElec Int+6}
 50569 | Crypt:1  | Identified the +3 broad axe of Karma {flame, Fly}
 50571 | Crypt:1  | Found a runed translucent gate.
 50571 | Crypt:1  | Noticed Esecs's ghost (veteran GrEE)
 50571 | Crypt:1  | Identified the +2 ring mail "Okebbibi" {Dex+4}
 50572 | Crypt:1  | Found a runed translucent gate.
 50572 | Crypt:1  | Found a runed translucent gate.
 50574 | Crypt:1  | Found an iron altar of Okawaru.
 50592 | Crypt:1  | Killed Esecs's ghost
 51127 | Crypt:2  | Noticed a royal mummy
 51137 | Crypt:2  | Reached skill level 1 in Invocations
 51139 | Crypt:2  | Killed Khufu
 51141 | Crypt:2  | Killed a royal mummy
 51143 | Crypt:2  | Killed a royal mummy
 51400 | Crypt:2  | Reached ****** piety under the Shining One
 51412 | Crypt:2  | Was forgiven by Ignis
 51845 | Vaults:4 | Identified a +9 broad axe of holy wrath (a +7 broad axe
                  | blessed by the Shining One)
 51845 | Vaults:4 | Received a gift from the Shining One
 52256 | Crypt:3  | Entered Level 3 of the Crypt
 52351 | Crypt:3  | Reached skill level 5 in Invocations
 52450 | Crypt:3  | Noticed an ancient lich
 52457 | Crypt:3  | Killed an ancient lich
 52539 | Crypt:3  | Found a basalt altar of Yredelemnul.
 52936 | Crypt:3  | Found a staircase to the Tomb.
 53102 | Crypt:3  | Reached skill level 27 in Axes
 53246 | Crypt:3  | Reached skill level 10 in Invocations
 53875 | Depths:3 | Killed Parghit
 53876 | Depths:3 | Reached XP level 25. HP: 238/238 MP: 16/39
 54211 | Vaults:3 | Learned a level 4 spell: Vhi's Electric Charge
 54214 | Vaults:3 | Learned a level 2 spell: Blink
 54720 | Depths:4 | Reached skill level 1 in Air Magic
 55015 | Depths:4 | Noticed Mennas
 55024 | Depths:4 | Killed Mennas
 55303 | Depths:4 | Bought a scroll of teleportation for 102 gold pieces
 55445 | Depths:4 | Found a gate to the Realm of Zot.
 55584 | Depths:4 | Found an ancient bone altar of Kikubaaqudgha.
 55746 | Hell     | Entered the Vestibule of Hell
 55746 | Hell     | Noticed Geryon
 55754 | Hell     | Killed Geryon
 55778 | Depths:4 | Reached skill level 5 in Air Magic
 56179 | Depths:2 | You paid a toll of the horn of Geryon to enter a treasure
                  | trove
 56180 | Trove    | Entered a treasure trove
 56198 | Trove    | Got Sif Muna's Almanac of the Discharge
 56217 | Trove    | Identified the amulet "Zeileos" {Spirit -Tele rN++}
 56219 | Trove    | Identified the amulet of Ruoqoqa {Spirit Fly rF- Int+2}
 56222 | Trove    | Identified the amulet of Byergh {Spirit rPois}
 56639 | Depths:1 | Reached skill level 15 in Invocations
 56762 | Hell     | Found a gateway to the decaying netherworld of Tartarus.
 56882 | Hell     | Found a gateway to the ashen valley of Gehenna.
 56931 | Hell     | Found a gateway to the freezing wastes of Cocytus.
 57092 | Hell     | Found a gateway to the Iron City of Dis.
 58244 | Depths:2 | Voluntarily entered the Abyss.
 58247 | Abyss:1  | Found a corrupted altar of Lugonu.
 58343 | Abyss:1  | Found a corrupted altar of Lugonu.
 58422 | Abyss:1  | Paralysed by accursed screaming for 1 turns
 58716 | Abyss:1  | Found a corrupted altar of Lugonu.
 58821 | Abyss:1  | Found a corrupted altar of Lugonu.
 58821 | Abyss:1  | Found a corrupted altar of Lugonu.
 58966 | Abyss:1  | Found a corrupted altar of Lugonu.
 59013 | Abyss:1  | Learned a level 1 spell: Apportation
 59110 | Abyss:1  | Reached XP level 26. HP: 241/246 MP: 39/39
 59210 | Abyss:1  | Found a corrupted altar of Lugonu.
 59321 | Abyss:1  | Reached skill level 10 in Air Magic
 59520 | Abyss:1  | Found a corrupted altar of Lugonu.
 59561 | Abyss:1  | Found a shimmering blue altar of Sif Muna.
 59782 | Abyss:1  | Found a corrupted altar of Lugonu.
 59786 | Abyss:1  | Found a corrupted altar of Lugonu.
 59786 | Abyss:1  | Found a corrupted altar of Lugonu.
 60333 | Abyss:1  | Found an ancient bone altar of Kikubaaqudgha.
 60436 | Abyss:1  | Gained mutation: Your spells are a little harder to cast,
                  | but a little more powerful. [a shining eye]
 60492 | Abyss:1  | Found a corrupted altar of Lugonu.
 60617 | Abyss:1  | Found a corrupted altar of Lugonu.
 60641 | Abyss:1  | Found a hazy altar of Hepliaklqana.
 60706 | Abyss:2  | Found a corrupted altar of Lugonu.
 60707 | Abyss:2  | Found a corrupted altar of Lugonu.
 60709 | Abyss:2  | Found a corrupted altar of Lugonu.
 60709 | Abyss:2  | Found a corrupted altar of Lugonu.
 60709 | Abyss:2  | Found a corrupted altar of Lugonu.
 60709 | Abyss:2  | Found a corrupted altar of Lugonu.
 61524 | Abyss:2  | Reached XP level 27. HP: 254/254 MP: 39/39
 61798 | Abyss:2  | Found a corrupted altar of Lugonu.
 61806 | Abyss:2  | Found a corrupted altar of Lugonu.
 61877 | Abyss:2  | Reached skill level 15 in Translocations
 62127 | Abyss:2  | Gained mutation: You have sharp fingernails. [a neqoxec]
 62183 | Abyss:2  | Gained mutation: You occasionally lose the ability to drink
                  | potions when taking damage. [a cacodemon]
 62207 | Abyss:2  | Paralysed by accursed screaming for 2 turns
 62557 | Abyss:2  | Paralysed by accursed screaming for 1 turns
 62602 | Abyss:2  | Found a corrupted altar of Lugonu.
 62604 | Abyss:2  | Found a corrupted altar of Lugonu.
 62604 | Abyss:2  | Found a corrupted altar of Lugonu.
 62789 | Abyss:2  | Reached skill level 1 in Dodging
 62920 | Abyss:2  | Reached skill level 5 in Dodging
 63247 | Abyss:2  | Paralysed by accursed screaming for 1 turns
 63353 | Abyss:3  | Found a corrupted altar of Lugonu.
 63425 | Abyss:3  | Got an abyssal rune of Zot
 63496 | Depths:2 | Escaped the Abyss
 63535 | Depths:2 | Learned a level 3 spell: Swiftness
 64073 | Orc:2    | Bought a scroll of enchant weapon for 105 gold pieces
 64078 | Orc:2    | Bought a potion of curing for 39 gold pieces
 64078 | Orc:2    | Bought a scroll of brand weapon for 123 gold pieces
 64078 | Orc:2    | Bought a scroll of enchant weapon for 97 gold pieces
 64405 | Zot:1    | Entered Level 1 of the Realm of Zot
 64417 | Depths:4 | Reached skill level 10 in Dodging
 64761 | Zot:1    | Noticed Vv
 64928 | Depths:4 | Killed Vv
 65362 | Zot:1    | Found the +5 robe of Night {Dark Will+ SInv}
 65826 | Zot:2    | Found an opulent altar of Gozag.
 65968 | Zot:2    | Noticed an orb of fire
 65976 | Zot:2    | Gained mutation: You are frail. (-10% HP) [an orb of fire]
 65977 | Zot:2    | Gained mutation: You sometimes lose your temper in combat.
                  | [an orb of fire]
 65990 | Zot:2    | Killed an orb of fire
 66013 | Zot:1    | Lost mutation: You sometimes lose your temper in combat.
                  | [potion of mutation]
 66013 | Zot:1    | Lost mutation: You have sharp fingernails. [potion of
                  | mutation]
 66013 | Zot:1    | Gained mutation: You are dopey. (Int -2) [potion of
                  | mutation]
 66014 | Zot:1    | Lost mutation: Your spells are a little harder to cast, but
                  | a little more powerful. [potion of mutation]
 66014 | Zot:1    | Lost mutation: You are frail. (-10% HP) [potion of
                  | mutation]
 66410 | Zot:2    | Noticed an orb of fire
 66412 | Zot:2    | Gained mutation: Armour fits poorly on your strangely
                  | shaped body. [an orb of fire]
 66421 | Zot:2    | Killed an orb of fire
 66422 | Zot:2    | Lost mutation: Armour fits poorly on your strangely shaped
                  | body. [potion of mutation]
 66422 | Zot:2    | Lost mutation: You occasionally lose the ability to drink
                  | potions when taking damage. [potion of mutation]
 66422 | Zot:2    | Lost mutation: You are dopey. (Int -2) [potion of mutation]
 66422 | Zot:2    | Gained mutation: You have hidden genetic defects. [potion
                  | of mutation]
 66422 | Zot:2    | Gained mutation: Your muscles are strong. (Str +4, Int/Dex
                  | -1) [potion of mutation]
 66422 | Zot:2    | Gained mutation: Your spells are a little harder to cast,
                  | but a little more powerful. [potion of mutation]
 67046 | Zot:3    | Found the +4 dragonskin cloak
 67046 | Zot:3    | Noticed Tiamat
 67454 | Zot:3    | Killed Tiamat
 67526 | Zot:3    | Lost mutation: Your spells are a little harder to cast, but
                  | a little more powerful. [hidden defects]
 68280 | Zot:4    | Found a transporter.
 68429 | Zot:4    | Found a transporter.
 68684 | Zot:4    | Noticed an orb of fire
 68697 | Zot:4    | Killed an orb of fire
 68703 | Zot:4    | Gained mutation: You occasionally lose the ability to drink
                  | potions when taking damage. [hidden defects]
 68703 | Zot:4    | Lost mutation: You have hidden genetic defects. [hidden
                  | defects expressed]
 68722 | Zot:4    | Noticed an orb of fire
 68731 | Zot:4    | Noticed an orb of fire
 68734 | Zot:4    | Lost mutation: Your muscles are strong. (Str +4, Int/Dex
                  | -1) [an orb of fire]
 68735 | Zot:4    | Gained mutation: Your body sometimes deteriorates upon
                  | taking damage. [an orb of fire]
 68892 | Zot:3    | Lost mutation: You occasionally lose the ability to drink
                  | potions when taking damage. [potion of mutation]
 68892 | Zot:3    | Lost mutation: Your body sometimes deteriorates upon taking
                  | damage. [potion of mutation]
 68892 | Zot:3    | Gained mutation: Your health recovers twice as slowly from
                  | being drained. [potion of mutation]
 68892 | Zot:3    | Gained mutation: Your magical capacity is low. (-10% MP)
                  | [potion of mutation]
 68892 | Zot:3    | Gained mutation: Your spells are a little harder to cast,
                  | but a little more powerful. [potion of mutation]
 68893 | Zot:3    | Lost mutation: Your magical capacity is low. (-10% MP)
                  | [potion of mutation]
 68893 | Zot:3    | Lost mutation: Your health recovers twice as slowly from
                  | being drained. [potion of mutation]
 68893 | Zot:3    | Gained mutation: You occasionally lose the ability to drink
                  | potions when taking damage. [potion of mutation]
 69390 | Slime:1  | Entered Level 1 of the Pits of Slime
 69395 | Slime:1  | Gained mutation: You are frail. (-10% HP) [a shining eye]
 70620 | Slime:3  | Paralysed by a formless jellyfish for 1 turns
 71969 | Slime:5  | Entered Level 5 of the Pits of Slime
 72027 | Slime:5  | Noticed the Royal Jelly
 72040 | Slime:5  | Killed the Royal Jelly
 72620 | Slime:5  | Found the +27 heavy crossbow "Sniper" {heavy, Acc+∞ SInv}
 72806 | Slime:5  | Identified the +1 pair of boots of Unreason {Str+3}
 72855 | Slime:5  | Got a slimy rune of Zot
 72933 | Slime:5  | Identified the +7 dagger of Hodar {pain, Will- Str+5 Dex+2
                  | SInv}
 72946 | Slime:5  | Identified the +8 spear of the Hurling Pill Bug {vamp,
                  | SInv}
 72954 | Slime:5  | Identified the +1 scale mail of Tuskygoy {^Drain rElec
                  | Int+3 Dex+5}
 72963 | Slime:5  | Identified the +5 plate armour of Hospitality {rC- rN+
                  | rCorr}
 73850 | Zot:4    | Lost mutation: Your spells are a little harder to cast, but
                  | a little more powerful. [an orb of fire]
 73853 | Zot:4    | Gained mutation: You have a beak for a mouth. [an orb of
                  | fire]
 73858 | Zot:4    | Killed an orb of fire
 74064 | Zot:4    | Killed an orb of fire
 74898 | Zot:4    | Found a transporter.
 74902 | Zot:4    | Found a transporter.
 75043 | Zot:5    | Entered Level 5 of the Realm of Zot
 75216 | Depths:2 | Lost mutation: You are frail. (-10% HP) [potion of
                  | mutation]
 75216 | Depths:2 | Lost mutation: You occasionally lose the ability to drink
                  | potions when taking damage. [potion of mutation]
 75216 | Depths:2 | Lost mutation: You have a beak for a mouth. [potion of
                  | mutation]
 75216 | Depths:2 | Gained mutation: You have a beak for a mouth. [potion of
                  | mutation]
 75216 | Depths:2 | Gained mutation: Your flesh is cold resistant. (rC+)
                  | [potion of mutation]
 75216 | Depths:2 | Gained mutation: Your system is resistant to poisons.
                  | (rPois) [potion of mutation]
 75596 | Vaults:5 | Entered Level 5 of the Vaults
 75609 | Vaults:5 | Reached skill level 27 in Fighting
 75641 | Vaults:5 | Noticed an ancient lich
 75644 | Vaults:5 | Noticed an ancient lich
 75650 | Vaults:5 | Killed an ancient lich
 75652 | Vaults:5 | Killed an ancient lich
 75678 | Vaults:5 | Noticed an ancient lich
 75685 | Vaults:5 | Killed an ancient lich
 76115 | Vaults:5 | Noticed an ancient lich
 76118 | Vaults:5 | Killed an ancient lich
 76262 | Vaults:5 | Found Huaredgh's Magic Scroll Shoppe.
 76276 | Vaults:5 | Bought a scroll of acquirement for 728 gold pieces
 76278 | Vaults:5 | Bought a scroll of revelation for 105 gold pieces
 76278 | Vaults:5 | Bought a scroll of teleportation for 42 gold pieces
 76278 | Vaults:5 | Bought a scroll of enchant armour for 105 gold pieces
 76573 | Vaults:5 | Identified the amulet "Liqugaz" {Faith rN+ Dex+3}
 76608 | Vaults:5 | Identified the +2 pair of boots "Ocsiodd" {Dex+4}
 76705 | Vaults:5 | Got a silver rune of Zot
 76937 | Vaults:5 | Identified the +2 leather armour "Eshrocojo" {Rampage +Inv}
 76966 | Vaults:5 | Identified the ring of Brilliance {rPois Str+6}
 76967 | Vaults:5 | Identified the ring "Dajaw" {rF+ rC+ rN+ Int-3 Slay+3}
 76967 | Vaults:5 | Identified the +4 falchion of Oozing Pus {drain, Dex+3}
 76967 | Vaults:5 | Identified the ring of Vuricw {rPois rC+}
 77029 | Vaults:5 | Identified the +2 flail "Irghamn" {heavy, rElec rC+ Str-2
                  | Stlth+}
 77228 | Vaults:5 | Found Inum's Weapon Shop.
 77283 | Vaults:5 | Identified the staff "Stirner's Doom" {rElec rF+ rN++ Fire}
 78131 | Vaults:1 | Bought a potion of attraction for 96 gold pieces
 78693 | Tomb:1   | Entered Level 1 of the Tomb of the Ancients
 79395 | Tomb:1   | Noticed a royal mummy
 79406 | Tomb:1   | Killed a royal mummy
 79747 | Tomb:1   | Noticed a royal mummy
 79755 | Tomb:1   | Killed a royal mummy
 80308 | Tomb:1   | Identified the +3 spear of Woe {protect, Will+++ Str+3
                  | Int+3 Dex-2}
 80534 | Tomb:2   | Noticed a royal mummy
 80534 | Tomb:2   | Noticed a royal mummy
 80534 | Tomb:2   | Noticed a royal mummy
 80534 | Tomb:2   | Noticed a royal mummy
 80535 | Tomb:2   | Noticed a royal mummy
 80539 | Tomb:2   | Killed a royal mummy
 80540 | Tomb:2   | Killed a royal mummy
 80541 | Tomb:2   | Killed a royal mummy
 80541 | Tomb:2   | Killed a royal mummy
 80542 | Tomb:2   | Killed a royal mummy
 80548 | Tomb:2   | Reached skill level 27 in Invocations
 81040 | Tomb:1   | Noticed a royal mummy
 81041 | Tomb:1   | Noticed a royal mummy
 81042 | Tomb:1   | Noticed a royal mummy
 81044 | Tomb:1   | Killed a royal mummy
 81051 | Tomb:1   | Killed a royal mummy
 81052 | Tomb:1   | Killed a royal mummy
 81068 | Tomb:1   | Noticed a royal mummy
 81079 | Tomb:1   | Killed a royal mummy
 81225 | Tomb:1   | Noticed a royal mummy
 81231 | Tomb:1   | Killed a royal mummy
 81312 | Tomb:1   | Noticed a royal mummy
 81320 | Tomb:1   | Killed a royal mummy
 81572 | Tomb:1   | Noticed a royal mummy
 81580 | Tomb:1   | Killed a royal mummy
 81718 | Tomb:1   | Noticed a royal mummy
 81723 | Tomb:1   | Killed a royal mummy
 81846 | Tomb:1   | Noticed a royal mummy
 81850 | Tomb:1   | Killed a royal mummy
 81925 | Tomb:1   | Noticed a royal mummy
 81925 | Tomb:1   | Noticed a royal mummy
 81929 | Tomb:1   | Killed a royal mummy
 81932 | Tomb:1   | Killed a royal mummy
 82177 | Tomb:1   | Noticed a royal mummy
 82183 | Tomb:1   | Killed a royal mummy
 82236 | Tomb:1   | Noticed a royal mummy
 82241 | Tomb:1   | Killed a royal mummy
 82465 | Tomb:1   | Noticed a royal mummy
 82471 | Tomb:1   | Killed a royal mummy
 82554 | Tomb:1   | Noticed a royal mummy
 82561 | Tomb:1   | Killed a royal mummy
 82637 | Tomb:1   | Noticed a royal mummy
 82644 | Tomb:1   | Noticed a royal mummy
 82648 | Tomb:1   | Killed a royal mummy
 82658 | Tomb:1   | Killed a royal mummy
 83722 | Tomb:3   | Entered Level 3 of the Tomb of the Ancients
 83759 | Tomb:3   | Noticed a royal mummy
 83763 | Tomb:3   | Noticed a royal mummy
 83765 | Tomb:3   | Noticed a royal mummy
 83766 | Tomb:3   | Killed a royal mummy
 83769 | Tomb:3   | Killed a royal mummy
 83770 | Tomb:3   | Killed a royal mummy
 83773 | Tomb:3   | Noticed a royal mummy
 83782 | Tomb:3   | Killed a royal mummy
 83784 | Tomb:3   | Noticed a royal mummy
 83788 | Tomb:3   | Killed a royal mummy
 83915 | Tomb:3   | Identified the +8 glaive of the Land of Plenty {freeze,
                  | rElec rCorr Int+3 Stlth+}
 83960 | Tomb:3   | Identified the +8 scimitar of Nismiolah {venom, rC+ rCorr
                  | Str-4}
 84030 | Tomb:3   | Noticed a royal mummy
 84033 | Tomb:3   | Killed a royal mummy
 84082 | Tomb:3   | Noticed a royal mummy
 84087 | Tomb:3   | Killed a royal mummy
 84089 | Tomb:3   | Found the +1 robe of Vines {NoPotionHeal Regen++++}
 84118 | Tomb:3   | Identified the +3 quarterstaff "Ybbika" {speed, Str+5}
 84125 | Tomb:3   | Identified the +2 short sword of Reasonable Offence {speed,
                  | Fly Dex+5}
 84127 | Tomb:3   | Got the Folio of the Burning Tesseract
 84146 | Tomb:3   | Identified the ring of Vuacvuol {Str+3 Dex+6 Slay+2}
 84148 | Tomb:3   | Got the Thoughts on Assistive Air
 84153 | Tomb:3   | Identified the +2 great sword of Blood {heavy, rPois Str-2
                  | Dex+5 SInv}
 84223 | Tomb:3   | Noticed a royal mummy
 84229 | Tomb:3   | Killed a royal mummy
 84457 | Tomb:3   | Got a golden rune of Zot
 84632 | Tomb:3   | Identified the +0 ring mail of the Orange Skies {Will+
                  | Dex+4 Stlth+}
 85563 | Zot:5    | Noticed an ancient lich
 85568 | Zot:5    | Killed an ancient lich
 85624 | Zot:5    | Noticed an orb of fire
 85639 | Zot:5    | Killed an orb of fire
 85840 | Zot:5    | Noticed an orb of fire
 85856 | Zot:4    | Killed an orb of fire
 86001 | Zot:5    | Noticed an orb of fire
 86002 | Zot:5    | Gained mutation: You occasionally lose the ability to drink
                  | potions when taking damage. [an orb of fire]
 86003 | Zot:5    | Gained mutation: You sometimes lose the ability to drink
                  | potions when taking damage. [an orb of fire]
 86015 | Zot:5    | Killed an orb of fire
 86327 | Zot:5    | Noticed a dread lich
 86330 | Zot:5    | Killed a dread lich
 86530 | Zot:4    | Learned a level 6 spell: Dispersal
 87234 | Zot:5    | Lost mutation: Your flesh is cold resistant. (rC+) [potion
                  | of mutation]
 87234 | Zot:5    | Lost mutation: Your system is resistant to poisons. (rPois)
                  | [potion of mutation]
 87234 | Zot:5    | Gained mutation: You are vulnerable to cold. (rC-) [potion
                  | of mutation]
 87234 | Zot:5    | Gained mutation: Your skin changes colour to match your
                  | surroundings (Stealth+). [potion of mutation]
 87235 | Zot:5    | Lost mutation: You are vulnerable to cold. (rC-) [potion of
                  | mutation]
 87235 | Zot:5    | Lost mutation: You sometimes lose the ability to drink
                  | potions when taking damage. [potion of mutation]
 87235 | Zot:5    | Gained mutation: Your system is resistant to poisons.
                  | (rPois) [potion of mutation]
 87235 | Zot:5    | Lost mutation: You occasionally lose the ability to drink
                  | potions when taking damage. [potion of mutation]
 87235 | Zot:5    | Gained mutation: You have supernaturally acute eyesight.
                  | (SInv) [potion of mutation]
 87578 | D:10     | Fell from the grace of the Shining One
 87578 | D:10     | Became a worshipper of Zin the Law-Giver
 87578 | D:10     | Reached * piety under Zin
 87578 | D:10     | Reached ** piety under Zin
 87578 | D:10     | Reached *** piety under Zin
 87578 | D:10     | Reached **** piety under Zin
 87578 | D:10     | Reached ***** piety under Zin
 87751 | Depths:1 | Acquired the ring of the Evil One {rElec rPois Str+6 Int-5}
 87770 | Pan      | Entered Pandemonium
 87826 | Pan      | Noticed Ignacio
 87879 | Pan      | Noticed Gytseaf the pandemonium lord
 88084 | Pan      | Killed Ignacio
 88320 | Pan      | Killed Gytseaf the pandemonium lord
 88989 | Pan      | Reached skill level 15 in Spellcasting
 89353 | Depths:1 | Escaped Pandemonium
 89360 | Pan      | Entered Pandemonium
 89557 | Pan      | Noticed Dovid the pandemonium lord
 89586 | Pan      | Killed Dovid the pandemonium lord
 89935 | Pan      | Found an exit through the horrors of the Abyss.
 89975 | Pan      | Reached ****** piety under Zin
 90246 | Depths:1 | Escaped Pandemonium
 90251 | Pan      | Entered Pandemonium
 90767 | Pan      | Reached skill level 15 in Evocations
 90813 | Pan      | Identified the ring of Recklessness {Ice Int+4 Stlth+}
 90818 | Pan      | Found a transporter.
 90873 | Pan      | Identified the ring of the Pharaoh's Fist {Will+ Int-5
                  | Dex+5 Slay+4}
 90875 | Pan      | Found a transporter.
 91026 | Pan      | Identified the +2 hat of Lebbat {SInv}
 91344 | Pan      | Entered the realm of Mnoleg.
 91741 | Pan      | Noticed Mnoleg
 91761 | Pan      | Killed Mnoleg
 92136 | Pan      | Got a glowing rune of Zot
 92827 | Pan      | Found an exit through the horrors of the Abyss.
 94043 | Pan      | Reached skill level 5 in Throwing
 94110 | Pan      | Noticed Moipar the pandemonium lord
 94116 | Pan      | Killed Moipar the pandemonium lord
 95910 | Pan      | Got a demonic rune of Zot
 96103 | Pan      | Noticed Laurywn the pandemonium lord
 96125 | Pan      | Killed Laurywn the pandemonium lord
 96391 | Pan      | Identified the +0 leather armour "Roiteost" {rElec Dex+3}
 96653 | Depths:1 | Escaped Pandemonium
 96668 | Pan      | Entered Pandemonium
 96857 | Pan      | Found an exit through the horrors of the Abyss.
 97823 | Pan      | Noticed Eluvime the pandemonium lord
 97845 | Pan      | Killed Eluvime the pandemonium lord
 98367 | Pan      | Reached skill level 10 in Throwing
 98940 | Pan      | Found an exit through the horrors of the Abyss.
 99162 | Pan      | Noticed Paol the pandemonium lord
 99174 | Pan      | Killed Paol the pandemonium lord
 99973 | Depths:1 | Escaped Pandemonium
 99978 | Pan      | Entered Pandemonium
100165 | Pan      | Acquired a manual of Spellcasting
100522 | Pan      | Found an exit through the horrors of the Abyss.
101151 | Pan      | Entered the realm of Lom Lobon.
104674 | Pan      | Noticed Lom Lobon
104702 | Pan      | Killed Lom Lobon
104732 | Pan      | Got a magical rune of Zot
105633 | Pan      | Reached skill level 15 in Air Magic
105766 | Pan      | Found an exit through the horrors of the Abyss.
106019 | Pan      | Entered the realm of Cerebov.
107372 | Pan      | Identified the +6 falchion of the Wilderness {freeze,
                  | *Corrode Will+ Dex+3}
107468 | Pan      | Identified the ring "Ziudenti" {rF+ Slay+5 SInv}
107542 | Pan      | Identified the +7 glaive of Blood {freeze, *Rage +Blink
                  | rElec rF+}
107563 | Pan      | Identified the +2 robe of Polish {rPois rF+++ rC- Stlth+}
108771 | Pan      | Found the +6 sword of Cerebov {flame}
108771 | Pan      | Noticed Cerebov
108802 | Pan      | Killed Cerebov
109105 | Pan      | Identified the +5 ring mail "Xedualis" {*Slow rElec rPois
                  | Int+3}
109125 | Pan      | Identified the +2 hand axe "Lalan" {freeze, Str+2 Dex+2}
109145 | Pan      | Identified the +1 ring mail of Hoptecsu {Fly rElec Dex-5
                  | SInv}
109166 | Pan      | Identified the +2 chain mail of Disguise {Dex+3}
109213 | Pan      | Got a fiery rune of Zot
109843 | Pan      | Identified the staff of Alyt {rElec rPois rF- Int+3 Dex+5
                  | Air}
109847 | Pan      | Identified the +0 chain mail "Giych" {Str+2}
109923 | Pan      | Noticed Plog the pandemonium lord
109926 | Pan      | Killed Plog the pandemonium lord
110373 | Pan      | Identified the +3 robe of the Original Sin {Str+4 Slay+3}
112273 | Pan      | Noticed Kequc the pandemonium lord
112290 | Pan      | Killed Kequc the pandemonium lord
112592 | Pan      | Entered the realm of Gloorx Vloq.
113447 | Pan      | Found an exit through the horrors of the Abyss.
114749 | Pan      | Noticed Gloorx Vloq
114763 | Pan      | Killed Gloorx Vloq
114808 | Pan      | Got a dark rune of Zot
115450 | Pan      | Noticed Qiupoydu the pandemonium lord
115457 | Pan      | Killed Qiupoydu the pandemonium lord
115728 | Pan      | Found an exit through the horrors of the Abyss.
116399 | Pan      | Reached skill level 27 in Shields
116485 | Pan      | Noticed Weyram the pandemonium lord
116497 | Pan      | Killed Weyram the pandemonium lord
116616 | Pan      | Found an exit through the horrors of the Abyss.
116959 | Pan      | Found a transporter.
117637 | Pan      | Found an exit through the horrors of the Abyss.
117690 | Pan      | Found a transporter.
118317 | Pan      | Reached skill level 27 in Armour
118371 | Pan      | Identified the ring "Tusokh" {*Corrode +Blink rPois AC+4
                  | Int+4}
118377 | Pan      | Identified the ring "Wuisk" {Ice rN+++ rCorr Slay-5 Stlth-}
118413 | Pan      | Identified the +5 broad axe of the Equinox {heavy, *Noise
                  | MP+9 Str-3 Int+6 SInv}
119085 | Pan      | Found an exit through the horrors of the Abyss.
119276 | Pan      | Noticed Wiliom the pandemonium lord
119292 | Pan      | Killed Wiliom the pandemonium lord
119680 | Pan      | Identified the +0 pair of gloves of Zure {rN+ rCorr Int+3
                  | Dex-2}
119878 | Pan      | Identified the +0 chain mail "Hetsuh" {Dex+2}
120112 | Pan      | Found an exit through the horrors of the Abyss.
120920 | Pan      | Noticed Otejao the pandemonium lord
120928 | Pan      | Killed Otejao the pandemonium lord
121315 | Pan      | Found an exit through the horrors of the Abyss.
122256 | Pan      | Got the Papyrus of Bright Formation
122298 | Pan      | Reached skill level 15 in Throwing
122814 | Pan      | Noticed Baino the pandemonium lord
122817 | Pan      | Killed Baino the pandemonium lord
123234 | Pan      | Found an exit through the horrors of the Abyss.
123533 | Depths:1 | Escaped Pandemonium
123546 | Depths:1 | Learned a level 8 spell: Maxwell's Capacitive Coupling
123858 | D:3      | Fell from the grace of Zin
123858 | D:3      | Became a worshipper of the Shining One
124176 | Pan      | Entered Pandemonium
125003 | Pan      | Found an opulent altar of Gozag.
125006 | Pan      | Noticed Ciddel the pandemonium lord
125262 | Pan      | Killed Ciddel the pandemonium lord
125519 | Pan      | Noticed a dread lich
125521 | Pan      | Killed a dread lich
125526 | Pan      | Found Ciddel's Exquisite Manuscripts.
125620 | Pan      | Found an opulent altar of Gozag.
125673 | Pan      | Found Ciddel's Jewellery Boutique.
125680 | Pan      | Found Ciddel's Rarities Market.
125694 | Pan      | Found an opulent altar of Gozag.
125721 | Pan      | Found Ciddel's Assorted Sundries.
125968 | Pan      | Bought a potion of ambrosia for 152 gold pieces
125968 | Pan      | Bought a potion of lignification for 57 gold pieces
125968 | Pan      | Bought a potion of magic for 152 gold pieces
125968 | Pan      | Bought a potion of brilliance for 76 gold pieces
125985 | Pan      | Bought the ring of the Last Tusks {rF+ Slay+4 SInv Stlth+}
                  | for 1980 gold pieces
125985 | Pan      | Bought the ring "Uppeyn" {Wiz rPois rF+ Stlth-} for 936
                  | gold pieces
125997 | Pan      | Bought a scroll of fog for 56 gold pieces
125997 | Pan      | Bought 2 scrolls of fog for 112 gold pieces
125997 | Pan      | Bought 2 scrolls of fog for 112 gold pieces
125997 | Pan      | Bought a scroll of enchant weapon for 105 gold pieces
125997 | Pan      | Bought a scroll of fog for 56 gold pieces
125997 | Pan      | Bought a scroll of enchant armour for 105 gold pieces
125997 | Pan      | Bought a scroll of teleportation for 42 gold pieces
126029 | Pan      | Bought the +2 pair of boots "Xiatzawo" {rElec Str+2 Slay+3}
                  | for 1041 gold pieces
126491 | Depths:1 | Escaped Pandemonium
126501 | Depths:1 | Lost mutation: You have a beak for a mouth. [potion of
                  | mutation]
126501 | Depths:1 | Lost mutation: Your skin changes colour to match your
                  | surroundings (Stealth+). [potion of mutation]
126501 | Depths:1 | Gained mutation: You are weak. (Str -2) [potion of
                  | mutation]
126501 | Depths:1 | Gained mutation: You have sharp toenails. [potion of
                  | mutation]
126502 | Depths:1 | Lost mutation: You have sharp toenails. [potion of
                  | mutation]
126502 | Depths:1 | Lost mutation: Your system is resistant to poisons. (rPois)
                  | [potion of mutation]
126502 | Depths:1 | Lost mutation: You are weak. (Str -2) [potion of mutation]
126502 | Depths:1 | Gained mutation: You occasionally lose the ability to drink
                  | potions when taking damage. [potion of mutation]
126502 | Depths:1 | Gained mutation: Your system is resistant to poisons.
                  | (rPois) [potion of mutation]
126502 | Depths:1 | Gained mutation: You are partially covered in iridescent
                  | scales. (AC +2) [potion of mutation]
126503 | Depths:1 | Lost mutation: You have supernaturally acute eyesight.
                  | (SInv) [potion of mutation]
126503 | Depths:1 | Lost mutation: You occasionally lose the ability to drink
                  | potions when taking damage. [potion of mutation]
126503 | Depths:1 | Lost mutation: Your system is resistant to poisons. (rPois)
                  | [potion of mutation]
126503 | Depths:1 | Gained mutation: Your system is resistant to poisons.
                  | (rPois) [potion of mutation]
127456 | Orc:2    | Bought a scroll of brand weapon for 133 gold pieces
127456 | Orc:2    | Bought a scroll of revelation for 105 gold pieces
127456 | Orc:2    | Bought a scroll of fear for 56 gold pieces
127456 | Orc:2    | Bought a scroll of fog for 56 gold pieces
127456 | Orc:2    | Bought a scroll of enchant armour for 105 gold pieces
127456 | Orc:2    | Bought a scroll of poison for 56 gold pieces
129178 | D:10     | Fell from the grace of the Shining One
129178 | D:10     | Became a worshipper of Zin the Law-Giver
129348 | Pan      | Entered Pandemonium
129348 | Pan      | Found a transporter.
130478 | Pan      | Found a transporter.
130674 | Pan      | Identified the ring of Ciel {MP+9 Str+6 Int+7 Dex-2 Stlth+}
130682 | Pan      | Identified the ring "Reeraipe" {+Blink MP+9 Int+4 Dex-3}
130686 | Pan      | Identified the +5 sling of Dagem {drain, SInv}
131428 | Pan      | Found an exit through the horrors of the Abyss.
131441 | Pan      | Identified the +9 mace of Qistreys {drain, Str+2 Int+4}
131498 | Pan      | Noticed Beigh the pandemonium lord
131505 | Pan      | Killed Beigh the pandemonium lord
132110 | Depths:1 | Escaped Pandemonium
132123 | Pan      | Entered Pandemonium
132405 | Pan      | Noticed Okliozea the pandemonium lord
132418 | Pan      | Killed Okliozea the pandemonium lord
132509 | Pan      | Found an exit through the horrors of the Abyss.
132955 | Pan      | Noticed Nekysim the pandemonium lord
132959 | Pan      | Killed Nekysim the pandemonium lord
134053 | Depths:1 | Escaped Pandemonium
134059 | Pan      | Entered Pandemonium
134123 | Pan      | Noticed Golace the pandemonium lord
134141 | Pan      | Killed Golace the pandemonium lord
134386 | Pan      | Identified the +2 cloak of the Slorg {rElec rPois rC+
                  | Slay+2}
136503 | Pan      | Identified the +6 great sword "Jeurouf" {elec, rPois rC-
                  | Dex+4}
136725 | Pan      | Noticed Moikoq the pandemonium lord
136737 | Pan      | Killed Moikoq the pandemonium lord
137624 | Pan      | Found a runed translucent door.
138079 | Depths:1 | Escaped Pandemonium
138086 | Pan      | Entered Pandemonium
138138 | Pan      | Identified the amulet of Zenus {Spirit rCorr}
138233 | Pan      | Found an exit through the horrors of the Abyss.
138261 | Pan      | Found a runed translucent door.
139373 | Pan      | Noticed Oheenoka the pandemonium lord
139390 | Pan      | Killed Oheenoka the pandemonium lord
140082 | Pan      | Found a white marble altar of Elyvilon.
140373 | Pan      | Identified the +2 buckler of Kackariaj {rPois rN+ Dex-3
                  | SInv}
140425 | Pan      | Identified the +0 tower shield of Fortitude {rN++}
140753 | Pan      | Identified the +2 tower shield "Wugreoth" {rC++}
141229 | Pan      | Identified the +8 tower shield of the Jolly Geomancers {rF+
                  | Str-3 Dex+7}
141231 | Pan      | Found a glowing silver altar of Zin.
142735 | Pan      | Acquired the +1 cloak of Starlight {*Dazzle EV+4 Stlth--}
142735 | Pan      | Found the +1 cloak of Starlight {*Dazzle EV+4 Stlth--}
142753 | Pan      | Identified the +2 flail of Wufaurar {flame, *Slow rElec
                  | rC+}
142769 | Pan      | Noticed a seraph
142781 | Pan      | Killed a seraph
142788 | Pan      | Found a glowing golden altar of the Shining One.
142796 | Pan      | Got Sif Muna's Compilation of Inflammable Silt
142827 | Pan      | Identified the +2 arbalest "Joazo" {drain, rC+ Will+ rCorr}
145083 | Depths:1 | Escaped Pandemonium
145097 | Pan      | Entered Pandemonium
145502 | Pan      | Noticed Tuptoluu the pandemonium lord
145511 | Pan      | Killed Tuptoluu the pandemonium lord
146236 | Pan      | Found an exit through the horrors of the Abyss.
147078 | Pan      | Found an exit through the horrors of the Abyss.
147297 | Pan      | Reached skill level 27 in Evocations
147451 | Pan      | Noticed Gadyvaus the pandemonium lord
147461 | Pan      | Killed Gadyvaus the pandemonium lord
147876 | Pan      | Noticed Fiux the pandemonium lord
147901 | Pan      | Killed Fiux the pandemonium lord
148382 | Pan      | Found an exit through the horrors of the Abyss.
148580 | Pan      | Found an exit through the horrors of the Abyss.
148586 | Pan      | Noticed Etupattoeth the pandemonium lord
148595 | Pan      | Killed Etupattoeth the pandemonium lord
149868 | Pan      | Noticed Kuexaunn the pandemonium lord
149880 | Pan      | Killed Kuexaunn the pandemonium lord
150673 | Pan      | Found an exit through the horrors of the Abyss.
151077 | Pan      | Noticed Zausall the pandemonium lord
151085 | Pan      | Killed Zausall the pandemonium lord
151590 | Depths:1 | Escaped Pandemonium
151603 | Pan      | Entered Pandemonium
151672 | Pan      | Noticed Lygh the pandemonium lord
151680 | Pan      | Killed Lygh the pandemonium lord
152034 | Pan      | Found an exit through the horrors of the Abyss.
153854 | Pan      | Noticed Dyroniwe the pandemonium lord
153862 | Pan      | Killed Dyroniwe the pandemonium lord
154674 | Pan      | Found an exit through the horrors of the Abyss.
155121 | Pan      | Found an exit through the horrors of the Abyss.
155202 | Pan      | Noticed Keul the pandemonium lord
155211 | Pan      | Killed Keul the pandemonium lord
155997 | Pan      | Identified the +8 spear of Perversion {speed, Str+4 Int-4}
156434 | Pan      | Noticed Manac the pandemonium lord
156905 | Pan      | Killed Manac the pandemonium lord
157279 | Depths:1 | Escaped Pandemonium
157289 | Pan      | Entered Pandemonium
157313 | Pan      | Noticed Ryots the pandemonium lord
157319 | Pan      | Killed Ryots the pandemonium lord
157858 | Pan      | Identified the +7 sling "Unki Zics" {speed, rElec Will-
                  | Str+2 Dex+5}
157918 | Pan      | Found an exit through the horrors of the Abyss.
158698 | Pan      | Noticed Nuik the pandemonium lord
158703 | Pan      | Killed Nuik the pandemonium lord
159346 | Pan      | Found an exit through the horrors of the Abyss.
159746 | Depths:1 | Escaped Pandemonium
159753 | Pan      | Entered Pandemonium
159753 | Pan      | Found a runed translucent door.
159786 | Pan      | Noticed Ikoycis the pandemonium lord
159787 | Pan      | Found a runed translucent door.
160023 | Pan      | Found a runed translucent door.
160137 | Pan      | Found an exit through the horrors of the Abyss.
160294 | Pan      | Found a runed translucent door.
160315 | Pan      | Killed Ikoycis the pandemonium lord
160576 | Pan      | Noticed Ixtotan the pandemonium lord
160585 | Pan      | Killed Ixtotan the pandemonium lord
160678 | Pan      | Reached skill level 5 in Fire Magic
161131 | Pan      | Found an exit through the horrors of the Abyss.
161554 | Pan      | Noticed Ohieteicw the pandemonium lord
161617 | Pan      | Killed Ohieteicw the pandemonium lord
162284 | Pan      | Found an exit through the horrors of the Abyss.
162650 | Pan      | Found a runed translucent door.
163078 | Pan      | Reached skill level 10 in Fire Magic
163193 | Pan      | Found an exit through the horrors of the Abyss.
163306 | Pan      | Found a runed translucent door.
163308 | Pan      | Noticed Gaol the pandemonium lord
163312 | Pan      | Found a runed translucent door.
163325 | Pan      | Killed Gaol the pandemonium lord
163326 | Pan      | Found a runed translucent door.
163453 | Pan      | Found a runed translucent door.
164110 | Pan      | Noticed Otzosat the pandemonium lord
164122 | Pan      | Killed Otzosat the pandemonium lord
164450 | Pan      | Found an exit through the horrors of the Abyss.
165038 | Depths:1 | Escaped Pandemonium
165050 | Pan      | Entered Pandemonium
165515 | Pan      | Identified the +2 orcbow of Saltpetre {freeze, rC+ SInv}
165610 | Pan      | Noticed Dujusiur the pandemonium lord
165619 | Pan      | Killed Dujusiur the pandemonium lord
165983 | Pan      | Noticed Toaras the pandemonium lord
165990 | Pan      | Killed Toaras the pandemonium lord
166385 | Pan      | Identified the amulet "Tihiz" {Reflect *Corrode rN+ Dex+4
                  | SH+5}
166957 | Depths:1 | Escaped Pandemonium
166966 | Pan      | Entered Pandemonium
166973 | Pan      | Reached skill level 15 in Fire Magic
167007 | Pan      | Found an exit through the horrors of the Abyss.
167040 | Pan      | Noticed Ostoifola the pandemonium lord
167049 | Pan      | Killed Ostoifola the pandemonium lord
168297 | Pan      | Noticed Kemn the pandemonium lord
168304 | Pan      | Killed Kemn the pandemonium lord
168576 | Pan      | Found an exit through the horrors of the Abyss.
170531 | Pan      | Found an exit through the horrors of the Abyss.
171126 | Pan      | Identified the amulet of Sajaysih {Faith Harm Dex+4}
171442 | Pan      | Noticed Lafuez the pandemonium lord
171449 | Pan      | Killed Lafuez the pandemonium lord
172406 | Pan      | Noticed Hiniered the pandemonium lord
172414 | Pan      | Killed Hiniered the pandemonium lord
173064 | Pan      | Found an exit through the horrors of the Abyss.
173335 | Pan      | Noticed Emacok the pandemonium lord
173347 | Pan      | Killed Emacok the pandemonium lord
174721 | Pan      | Noticed Ycafic the pandemonium lord
174729 | Pan      | Killed Ycafic the pandemonium lord
175316 | Pan      | Found an exit through the horrors of the Abyss.
175571 | Pan      | Noticed Yrriosm the pandemonium lord
175577 | Pan      | Killed Yrriosm the pandemonium lord
176726 | Pan      | Noticed Adilaux the pandemonium lord
176735 | Pan      | Killed Adilaux the pandemonium lord
177259 | Pan      | Found an exit through the horrors of the Abyss.
177588 | Pan      | Found an exit through the horrors of the Abyss.
177604 | Pan      | Noticed Kidoyh the pandemonium lord
177609 | Pan      | Killed Kidoyh the pandemonium lord
178814 | Depths:1 | Escaped Pandemonium
178833 | Pan      | Entered Pandemonium
178893 | Pan      | Noticed Ofaqig the pandemonium lord
178903 | Pan      | Killed Ofaqig the pandemonium lord
179944 | Depths:1 | Escaped Pandemonium
179950 | Pan      | Entered Pandemonium
179974 | Pan      | Found an exit through the horrors of the Abyss.
180169 | Pan      | Noticed Alexygall the pandemonium lord
180173 | Pan      | Killed Alexygall the pandemonium lord
181258 | Pan      | Found an exit through the horrors of the Abyss.
181268 | Pan      | Noticed Saimyesi the pandemonium lord
181276 | Pan      | Killed Saimyesi the pandemonium lord
181878 | Pan      | Noticed Yfown the pandemonium lord
181885 | Pan      | Killed Yfown the pandemonium lord
182186 | Pan      | Found an exit through the horrors of the Abyss.
182817 | Pan      | Noticed Porrainiri the pandemonium lord
182822 | Pan      | Killed Porrainiri the pandemonium lord
183066 | Pan      | Found an exit through the horrors of the Abyss.
184819 | Pan      | Noticed Tira the pandemonium lord
184827 | Pan      | Killed Tira the pandemonium lord
185041 | Pan      | Reached skill level 27 in Fire Magic
185332 | Pan      | Found an exit through the horrors of the Abyss.
186015 | Pan      | Noticed Molicaj the pandemonium lord
186023 | Pan      | Killed Molicaj the pandemonium lord
186718 | Pan      | Found an exit through the horrors of the Abyss.
186971 | Pan      | Noticed Tuhoe the pandemonium lord
186977 | Pan      | Killed Tuhoe the pandemonium lord
187031 | Pan      | Found an exit through the horrors of the Abyss.
187907 | Pan      | Noticed Ofystraupt the pandemonium lord
187919 | Pan      | Killed Ofystraupt the pandemonium lord
188398 | Pan      | Found an exit through the horrors of the Abyss.
188761 | Pan      | Found an exit through the horrors of the Abyss.
188878 | Pan      | Noticed Pigomusch the pandemonium lord
188895 | Pan      | Killed Pigomusch the pandemonium lord
189522 | Depths:1 | Escaped Pandemonium
189534 | Pan      | Entered Pandemonium
189559 | Pan      | Found an exit through the horrors of the Abyss.
189623 | Pan      | Identified the +0 falchion of Prudence {heavy, Str+4 Dex+2}
189632 | Pan      | Reached skill level 27 in Throwing
189635 | Pan      | Noticed Divy the pandemonium lord
189643 | Pan      | Killed Divy the pandemonium lord
190315 | Pan      | Found an exit through the horrors of the Abyss.
190339 | Pan      | Noticed Laewn the pandemonium lord
190355 | Pan      | Killed Laewn the pandemonium lord
190382 | Pan      | Identified the +5 dagger of Laceration {spect, rC- Will+
                  | SInv}
190621 | Pan      | Identified the +2 scale mail of Daisies {Regen+}
190917 | Depths:1 | Escaped Pandemonium
191130 | Orc:2    | Bought the Meditations on the Traveller and the Mob for 576
                  | gold pieces
191130 | Orc:2    | Bought a book of Annihilations for 720 gold pieces
191141 | Orc:2    | Learned a level 8 spell: Ignition
191386 | Pan      | Entered Pandemonium
191424 | Pan      | Reached skill level 1 in Conjurations
191424 | Pan      | Reached skill level 1 in Earth Magic
192093 | Pan      | Found an exit through the horrors of the Abyss.
192582 | Pan      | Reached skill level 5 in Conjurations
192583 | Pan      | Reached skill level 5 in Earth Magic
192683 | Pan      | Identified the +9 mace of the Charmed God {drain, rC+ Will-
                  | Stlth+}
193122 | Pan      | Found an exit through the horrors of the Abyss.
193435 | Pan      | Identified the +2 ring mail of Xeib {rN+ Int+4}
193637 | Pan      | Noticed Nicrut the pandemonium lord
193644 | Pan      | Killed Nicrut the pandemonium lord
194201 | Pan      | Found an exit through the horrors of the Abyss.
195343 | Pan      | Found an exit through the horrors of the Abyss.
195380 | Pan      | Noticed Rumiecam the pandemonium lord
195386 | Pan      | Killed Rumiecam the pandemonium lord
195482 | Depths:1 | Escaped Pandemonium
195492 | Pan      | Entered Pandemonium
196111 | Pan      | Noticed Erey the pandemonium lord
196236 | Pan      | Killed Erey the pandemonium lord
196237 | Pan      | Reached skill level 10 in Conjurations
196365 | Pan      | Reached skill level 10 in Earth Magic
197141 | Pan      | Noticed Sapp the pandemonium lord
197154 | Pan      | Killed Sapp the pandemonium lord
197483 | Pan      | Found an exit through the horrors of the Abyss.
198017 | Pan      | Noticed Caameasi the pandemonium lord
198025 | Pan      | Killed Caameasi the pandemonium lord
198787 | Pan      | Found an exit through the horrors of the Abyss.
199137 | Depths:1 | Escaped Pandemonium
199146 | Pan      | Entered Pandemonium
200199 | Pan      | Found an exit through the horrors of the Abyss.
200786 | Pan      | Identified the +11 orcbow "Hellblazer" {flame, rC- Int+4}
200821 | Pan      | Found an exit through the horrors of the Abyss.
202048 | Depths:1 | Escaped Pandemonium
202053 | Pan      | Entered Pandemonium
202053 | Pan      | Found an exit through the horrors of the Abyss.
202231 | Pan      | Found a runed translucent door.
202755 | Pan      | Noticed Wuatemoawn the pandemonium lord
202761 | Pan      | Killed Wuatemoawn the pandemonium lord
202779 | Depths:1 | Escaped Pandemonium
202784 | Pan      | Entered Pandemonium
202882 | Pan      | Found an exit through the horrors of the Abyss.
203017 | Pan      | Noticed Ypleg the pandemonium lord
203029 | Pan      | Killed Ypleg the pandemonium lord
203629 | Depths:1 | Escaped Pandemonium
203740 | Pan      | Entered Pandemonium
203801 | Pan      | Noticed Qeis the pandemonium lord
203837 | Pan      | Reached skill level 15 in Conjurations
204415 | Pan      | Killed Qeis the pandemonium lord
204416 | Pan      | Reached skill level 15 in Earth Magic
204665 | Pan      | Identified the amulet of Iraj {Faith rF+ rN+}
204694 | Pan      | Identified the ring of Agnosticism {rElec rF- Will- Str+8
                  | Int+3 Dex+6}
205075 | Pan      | Noticed Bot Lai the pandemonium lord
205082 | Pan      | Killed Bot Lai the pandemonium lord
205422 | Pan      | Identified the +1 hand axe of the Three Spines {flame,
                  | rElec}
205699 | Pan      | Found an exit through the horrors of the Abyss.
205960 | Pan      | Noticed Vaghiog the pandemonium lord
205969 | Pan      | Killed Vaghiog the pandemonium lord
206334 | Pan      | Found an exit through the horrors of the Abyss.
207035 | Pan      | Noticed Lecyscho the pandemonium lord
207038 | Pan      | Killed Lecyscho the pandemonium lord
207054 | Pan      | Identified the +5 ring mail of the Ancient Artists {rCorr
                  | Dex-5 SInv}
207312 | Pan      | Found an exit through the horrors of the Abyss.
208165 | Depths:1 | Escaped Pandemonium
208179 | Pan      | Entered Pandemonium
208430 | Pan      | Noticed Riudila the pandemonium lord
208437 | Pan      | Killed Riudila the pandemonium lord
208746 | Pan      | Found an exit through the horrors of the Abyss.
209160 | Pan      | Noticed Zushrecio the pandemonium lord
209240 | Pan      | Killed Zushrecio the pandemonium lord
209470 | Pan      | Reached skill level 27 in Air Magic
210823 | Pan      | Found an exit through the horrors of the Abyss.
211146 | Pan      | Noticed Vys Fugu the pandemonium lord
211158 | Pan      | Killed Vys Fugu the pandemonium lord
211191 | Pan      | Identified the +3 ring mail of the Harvest Moon {Will+
                  | Dex+2}
211776 | Pan      | Noticed Dima Mor the pandemonium lord
211794 | Pan      | Killed Dima Mor the pandemonium lord
212060 | Pan      | Found an exit through the horrors of the Abyss.
212383 | Pan      | Identified the +1 pair of boots of the Swamp {Will- rCorr
                  | SInv}
212866 | Pan      | Found an exit through the horrors of the Abyss.
213503 | Pan      | Found a huge runed translucent gate.
213506 | Pan      | Found a huge runed translucent gate.
213508 | Pan      | Found a huge runed translucent gate.
213519 | Pan      | Found a huge runed translucent gate.
213520 | Pan      | Found a huge runed translucent gate.
213732 | Pan      | Found a huge runed translucent gate.
213784 | Pan      | Found a huge runed translucent gate.
213794 | Pan      | Noticed Napsesyud the pandemonium lord
213803 | Pan      | Killed Napsesyud the pandemonium lord
213934 | Depths:1 | Escaped Pandemonium
213946 | Pan      | Entered Pandemonium
213987 | Pan      | Noticed Wuozasiq the pandemonium lord
213989 | Pan      | Killed Wuozasiq the pandemonium lord
214070 | Pan      | Identified the +9 arbalest "Araulir" {flame, ^Fragile
                  | +Blink rN+++ Will+}
214268 | Pan      | Found an exit through the horrors of the Abyss.
214812 | Pan      | Noticed Sic Sosa the pandemonium lord
214817 | Pan      | Killed Sic Sosa the pandemonium lord
214940 | Pan      | Found an exit through the horrors of the Abyss.
215084 | Pan      | Identified the +6 spear of Foisecs {freeze, rC++ Int+2}
215230 | Pan      | Identified the +1 scale mail of Voeriowk {rElec Will+
                  | Int+3}
216059 | Pan      | Noticed Ricainig the pandemonium lord
216065 | Pan      | Killed Ricainig the pandemonium lord
216099 | Pan      | Found an exit through the horrors of the Abyss.
217035 | Pan      | Noticed Rovimaep the pandemonium lord
217042 | Pan      | Killed Rovimaep the pandemonium lord
217565 | Pan      | Identified the +0 scale mail of Proximity {Harm Rampage
                  | MP-9}
217703 | Pan      | Identified the ring of the Mashing King {AC+4 Int+3 Dex+7}
218278 | Pan      | Found an exit through the horrors of the Abyss.
218788 | Pan      | Noticed Neisch the pandemonium lord
218792 | Pan      | Killed Neisch the pandemonium lord
218990 | Pan      | Found an exit through the horrors of the Abyss.
219579 | Pan      | Noticed Houqogoq the pandemonium lord
219612 | Pan      | Killed Houqogoq the pandemonium lord
220804 | Pan      | Noticed Yguirgha the pandemonium lord
220810 | Pan      | Killed Yguirgha the pandemonium lord
221271 | Pan      | Found an exit through the horrors of the Abyss.
221973 | Pan      | Noticed Banuhiurr the pandemonium lord
221981 | Pan      | Killed Banuhiurr the pandemonium lord
222639 | Pan      | Found an exit through the horrors of the Abyss.
223458 | Depths:1 | Escaped Pandemonium
223464 | Depths:1 | Acquired the +1 tower shield "Acrie" {+Inv rCorr Dex+4
                  | SInv}
223472 | Pan      | Entered Pandemonium
223819 | Pan      | Noticed Emaegone the pandemonium lord
223845 | Pan      | Killed Emaegone the pandemonium lord
224613 | Pan      | Noticed Maghac the pandemonium lord
224617 | Pan      | Found an exit through the horrors of the Abyss.
224634 | Pan      | Killed Maghac the pandemonium lord
225335 | Pan      | Noticed Qojerr the pandemonium lord
225341 | Pan      | Killed Qojerr the pandemonium lord
225712 | Pan      | Found an exit through the horrors of the Abyss.
226008 | Depths:1 | Escaped Pandemonium
226018 | Pan      | Entered Pandemonium
226698 | Pan      | Found a runed translucent door.
227259 | Pan      | Found an exit through the horrors of the Abyss.
227470 | Pan      | Noticed Zecsabef the pandemonium lord
227477 | Pan      | Killed Zecsabef the pandemonium lord
227871 | Pan      | Found an exit through the horrors of the Abyss.
229061 | Pan      | Noticed Koam the pandemonium lord
229069 | Pan      | Killed Koam the pandemonium lord
229661 | Pan      | Found an exit through the horrors of the Abyss.
230196 | Pan      | Noticed Sonew the pandemonium lord
230204 | Pan      | Killed Sonew the pandemonium lord
230473 | Pan      | Identified the +5 ring mail of the Kangaroo {rF- rN+++
                  | Regen+ Int+3}
230876 | Pan      | Identified the +9 scimitar of Famine {pain, rPois rC+}
230982 | Pan      | Found an exit through the horrors of the Abyss.
231502 | Depths:1 | Escaped Pandemonium
231553 | Pan      | Entered Pandemonium
231941 | Pan      | Found an exit through the horrors of the Abyss.
232012 | Pan      | Reached skill level 27 in Spellcasting
232015 | Pan      | Noticed Deeqiomamme the pandemonium lord
232023 | Pan      | Killed Deeqiomamme the pandemonium lord
232804 | Pan      | Noticed Kasaeram the pandemonium lord
232809 | Pan      | Killed Kasaeram the pandemonium lord
232931 | Pan      | Found an exit through the horrors of the Abyss.
233207 | Pan      | Identified the +7 shortbow of Eternity {drain, rC++ Str+6
                  | Dex-5}
233297 | Depths:1 | Escaped Pandemonium
233319 | Depths:1 | Learned a level 9 spell: Fire Storm
233329 | Depths:1 | Learned a level 9 spell: Chain Lightning
233339 | Depths:1 | Learned a level 9 spell: Shatter
233341 | Pan      | Entered Pandemonium
233368 | Pan      | Reached skill level 1 in Summonings
233521 | Pan      | Noticed Gagroy Sief the pandemonium lord
233525 | Pan      | Killed Gagroy Sief the pandemonium lord
233686 | Pan      | Found an exit through the horrors of the Abyss.
234378 | Pan      | Found an exit through the horrors of the Abyss.
234791 | Pan      | Noticed Noibaerr the pandemonium lord
234799 | Pan      | Killed Noibaerr the pandemonium lord
235141 | Pan      | Reached skill level 5 in Summonings
235232 | Depths:1 | Escaped Pandemonium
236104 | Tar:1    | Entered Level 1 of Tartarus
236558 | Tar:2    | You fall into a shaft and drop 2 floors!
237529 | Tar:7    | Entered Level 7 of Tartarus
238226 | Tar:7    | Found the +2 hat of the Bear Spirit {Spirit, Bear, *Rage
                  | Will++}
238231 | Tar:7    | Identified the +11 glaive "Keatt" {spect, *Rage Str+6}
238358 | Tar:7    | Noticed a dread lich
238363 | Tar:7    | Killed a dread lich
238394 | Tar:7    | Noticed an ancient lich
238397 | Tar:7    | Killed an ancient lich
238897 | Tar:7    | Reached skill level 10 in Summonings
239009 | Tar:7    | Noticed a dread lich
239017 | Tar:7    | Paralysed by a dread lich for 4 turns
239024 | Tar:7    | Killed a dread lich
239162 | Tar:7    | Noticed an ancient lich
239166 | Tar:7    | Killed an ancient lich
239384 | Tar:7    | Identified the +0 plate armour of the Floral God {Will+
                  | Dex+4}
239461 | Tar:7    | Identified the ring "Kealust" {rN+ Int+3}
239492 | Tar:7    | Identified the +9 short sword of Defiance {elec, rC+}
239769 | Tar:7    | Noticed Ereshkigal
239781 | Tar:7    | Killed Ereshkigal
239799 | Tar:7    | Identified the +4 war axe "Adikomeb" {elec, Fly rC+ SInv}
239899 | Tar:7    | Got a bone rune of Zot
240114 | Pan      | Entered Pandemonium
240246 | Pan      | Noticed Luhuwoum the pandemonium lord
240254 | Pan      | Killed Luhuwoum the pandemonium lord
241560 | Pan      | Noticed Hize the pandemonium lord
241787 | Pan      | Found an exit through the horrors of the Abyss.
241800 | Pan      | Killed Hize the pandemonium lord
241821 | Pan      | Reached skill level 27 in Conjurations
242497 | Pan      | Found an exit through the horrors of the Abyss.
243240 | Pan      | Reached skill level 27 in Earth Magic
243791 | Pan      | Found an exit through the horrors of the Abyss.
243796 | Pan      | Found a runed translucent door.
243840 | Pan      | Noticed Coimoddol the pandemonium lord
243896 | Pan      | Killed Coimoddol the pandemonium lord
244523 | Depths:1 | Escaped Pandemonium
244534 | Pan      | Entered Pandemonium
244835 | Pan      | Found an exit through the horrors of the Abyss.
244968 | Pan      | Found a runed translucent door.
245429 | Pan      | Noticed Goegg the pandemonium lord
245443 | Pan      | Killed Goegg the pandemonium lord
245659 | Pan      | Reached skill level 15 in Summonings
245675 | Pan      | Reached skill level 1 in Hexes
245974 | Pan      | Found an exit through the horrors of the Abyss.
246131 | Pan      | Noticed Mentewke the pandemonium lord
246140 | Pan      | Killed Mentewke the pandemonium lord
246572 | Pan      | Noticed Gufedysm the pandemonium lord
246580 | Pan      | Killed Gufedysm the pandemonium lord
246681 | Pan      | Reached skill level 5 in Hexes
246882 | Pan      | Found an exit through the horrors of the Abyss.
247408 | Pan      | Noticed Kisinivu the pandemonium lord
247474 | Pan      | Killed Kisinivu the pandemonium lord
247770 | Pan      | Found an exit through the horrors of the Abyss.
248219 | Pan      | Found an exit through the horrors of the Abyss.
249191 | Depths:1 | Escaped Pandemonium
249204 | Pan      | Entered Pandemonium
249228 | Pan      | Found an exit through the horrors of the Abyss.
249292 | Pan      | Noticed Vayt the pandemonium lord
249301 | Pan      | Killed Vayt the pandemonium lord
250463 | Pan      | Noticed Ezyluraq the pandemonium lord
250469 | Pan      | Killed Ezyluraq the pandemonium lord
250618 | Pan      | Reached skill level 10 in Hexes
251219 | Depths:1 | Escaped Pandemonium
251268 | Geh:1    | Entered Level 1 of Gehenna
252436 | Geh:4    | You fall into a shaft and drop 2 floors!
253008 | Geh:7    | Entered Level 7 of Gehenna
253189 | Geh:7    | Reached skill level 27 in Translocations
254144 | Geh:7    | Identified the ring of Qerel {^Drain rPois Str+3 Int+6}
254168 | Geh:7    | Identified the amulet of Ula Hava {Spirit rC++ Str+6 Int+4}
254401 | Geh:7    | Found the +13 sceptre of Asmodeus
254401 | Geh:7    | Noticed Asmodeus
254412 | Geh:7    | Killed Asmodeus
254448 | Geh:7    | Identified the +9 plate armour of Unambiguity {rPois
                  | Will+++ rCorr Stlth-}
254449 | Geh:7    | Identified the +2 broad axe "Lupledowuecs" {heavy, *Corrode
                  | rElec rC+ Will+}
254498 | Geh:7    | Identified the +0 arbalest of Dovul {antimagic, rPois rCorr
                  | Str+3}
254503 | Geh:7    | Got an obsidian rune of Zot
254519 | Geh:7    | Identified the +1 dagger of Saltpetre {flame, rPois rC+}
254540 | Geh:7    | Identified the +3 glaive "Ciqoka" {antimagic, rElec rF+}
255189 | Hell     | Learned a level 8 spell: Lehudib's Crystal Spear
255197 | Hell     | Learned a level 7 spell: Spellforged Servitor
255233 | Coc:1    | Entered Level 1 of Cocytus
255670 | Coc:2    | Noticed an ancient lich
255681 | Coc:2    | Killed an ancient lich
255865 | Coc:3    | Paralysed by a wendigo for 1 turns
255977 | Coc:3    | Paralysed by a wendigo for 1 turns
256580 | Coc:5    | Paralysed by a wendigo for 1 turns
256672 | Coc:5    | Paralysed by a wendigo for 1 turns
257050 | Coc:6    | Paralysed by a wendigo for 1 turns
257207 | Coc:6    | Paralysed by a wendigo for 1 turns
257582 | Coc:7    | Entered Level 7 of Cocytus
258537 | Coc:7    | Paralysed by a wendigo for 1 turns
258957 | Coc:7    | Noticed the Serpent of Hell
258970 | Coc:7    | Killed the Serpent of Hell
259628 | Coc:7    | Identified the staff of the Boiling Point {rPois rF+ Dex-2
                  | Fire Alchemy}
260171 | Coc:7    | Noticed Antaeus
260184 | Coc:7    | Killed Antaeus
260292 | Coc:7    | Identified the +0 scale mail "Ulase" {rC+ rCorr}
260300 | Coc:7    | Got an icy rune of Zot
260635 | Dis:1    | Entered Level 1 of the Iron City of Dis
261289 | Dis:1    | You fall into a shaft and drop 1 floor!
261363 | Dis:3    | Paralysed by a Zot trap for 3 turns
261680 | Dis:3    | Noticed an ancient lich
261683 | Dis:3    | Noticed a dread lich
261687 | Dis:3    | Killed an ancient lich
261691 | Dis:3    | Killed a dread lich
261753 | Dis:3    | Noticed a royal mummy
261797 | Dis:3    | Killed a royal mummy
261938 | Dis:3    | Noticed a royal mummy
261945 | Dis:3    | Killed a royal mummy
261946 | Dis:3    | Reached skill level 15 in Hexes
262130 | Dis:4    | Reached skill level 27 in Summonings
263673 | Dis:7    | Entered Level 7 of the Iron City of Dis
264427 | Dis:7    | Noticed a juggernaut
264435 | Dis:7    | Killed a juggernaut
265508 | Dis:7    | Noticed a juggernaut
265514 | Dis:7    | Killed a juggernaut
266301 | Dis:7    | Noticed a juggernaut
266305 | Dis:7    | Killed a juggernaut
266321 | Dis:7    | Noticed Dispater
266327 | Dis:7    | Killed Dispater
266386 | Dis:7    | Got an iron rune of Zot
267000 | Zot:5    | Got the Orb of Zot
267504 | D:8      | Noticed Haheys the pandemonium lord
267518 | D:8      | Killed Haheys the pandemonium lord
267750 | D:$      | Escaped with the Orb!

Illustrated notes

Levels and vault maps discovered:
D:1:      lemuel_arrival_muddy, layout_basic, grunt_decor_cap, minmay_hedge_maze
D:2:      layout_rooms, shapermc_ecumenical_altar_totnotflames,
          serial_park_tiny_2, uniq_crazy_yiuf_cottage, uniq_jessica
D:3:      layout_rooms, mainiacjoe_overflow_alcove_2, elyvilon_altar_1,
          serial_shops, nicolae_shop_just_a_little_nook,
          minmay_tree_intersection, reono_crystal_passage
D:4:      layout_basic, nicolae_ru_path_of_blood, mainiacjoe_overflow_boulevard,
          nicolae_overflow_hidden_temple, uniq_menkaure
D:5:      layout_basic, chequers_garden, minmay_joined_circles
D:6:      minmay_klotski, layout_basic, mainiacjoe_overflow_six_doors_small,
          minmay_temple_entry_butterflies
D:7:      layout_loops_cross, lemuel_zombie_altar_yredelemnul, enter_bailey_4,
          billiards_dpeg, uniq_maggie
D:8:      layout_cave_pools, nicolae_hepliaklqana_monster_ancestors,
          overflow_temple_1_default, nzn_wu_jian_contemplation,
          fedhas_altar_decomposition
D:9:      layout_stronghold, erik_lair_orcish_takeover, serial_shops, shop
D:10:     layout_stronghold, zin_purify, nemelex_xobeh_ov_fountains_minmay
D:11:     layout_basic, david_orc_4, hellmonk_guarded_unrand_gong
D:12:     layout_roguey, hellmonk_talismancer
D:13:     layout_cave_pools, skrybe_vaults_entry_preservation,
          portal_ice_cave_rime, uniq_sonja
D:14:     layout_grid_maze, hangedman_decor_peaks_small, uniq_lodul
D:15:     hellmonk_depths_entry_around_the_bend, layout_rooms,
          hellmonk_sif_muna_bookshelves, special_room
          [special_room_mythical_zoo], ebering_ghost_xom
Temple:   hellmonk_temple_flake
Lair:1:   layout_cave_pods, grunt_megastairs_1
Lair:2:   layout_regular_city, nicolae_swamp_entry_splash_gauntlet,
          dreamdust_mushroom_princess, serial_bayou_pond_d, disabler_island,
          infiniplex_staircase_pool
Lair:3:   layout_chaotic_city, nicolae_spider_entry_orb_guardian,
          wad_woods_road_02, uniq_josephine
Lair:4:   layout_cave_pods, gauntlet_entry_generic, serial_bayou_pond_c
Lair:5:   cheibrodos_lair_end_hotspot, layout_cave_pods, slime_entry_1
Swamp:1:  layout_falls_marsh, evilmike_swamp_ruin_house_1
Swamp:2:  layout_basic_swamp, serial_swamp_ruin, evilmike_swamp_ruin_wall,
          evilmike_swamp_ruin_house_6, evilmike_swamp_ruin_house_5,
          swamp_pool_1_2, nicolae_swamp_some_circles, hangedman_swamp_cone,
          uniq_roxanne
Swamp:3:  layout_basic_swamp, evilmike_swamp_ruin_house_2, uniq_donald
Swamp:4:  swamp, layout_basic_swamp, swamp_pool_5
Spider:1: layout_spider_delve, nicolae_spider_scorpion_nest, uniq_aizul
Spider:2: layout_spider_delve
Spider:3: layout_spider_delve, uniq_bai_suzhen
Spider:4: grunt_spider_rune_parallel, hangedman_spider_mandibles, uniq_arachne,
          uniq_nikola
Slime:1:  layout_caves
Slime:2:  layout_caves
Slime:3:  cheibrodos_slime_lost_civilization_3, layout_caves
Slime:4:  layout_caves
Slime:5:  slime_pit
Orc:1:    layout_caves, basic_altar, uniq_erica
Orc:2:    pf_orc_diabolical, layout_caves, gammafunk_ghost_stat_death,
          serial_shops, nicolae_shop_behind_doors, basic_altar
Elf:1:    layout_loops_corners, kennysheep_underground_church, glass_columns_b,
          minmay_shop_star, uniq_louise
Elf:2:    nicolae_elf_blades_crystal_corner, layout_loops_corners,
          minmay_shoptagon
Elf:3:    elf_hall_gauntlet_narrow, layout_onion_city, serial_shops,
          nicolae_shop_just_a_little_nook, nicolae_shop_tiny_statue_garden,
          nicolae_shop_tiny_waterfront
Vaults:1: nicolae_vaults_tetromino_L_1, nicolae_vaults_sesquioval_fish,
          nicolae_vaults_trapezoid_lopsided_3, nicolae_vaults_little_squares_2,
          nicolae_vaults_six-pack, vaults_room_hallway, v_alt_pattern_6,
          nicolae_vaults_network_quincunx
          [nicolae_vaults_network_quincunx_subvault,
          nicolae_vaults_network_quincunx_subvault,
          nicolae_vaults_network_quincunx_subvault,
          nicolae_vaults_network_quincunx_subvault,
          nicolae_vaults_network_quincunx_subvault], nicolae_vaults_network_s,
          nicolae_vaults_triangles, nicolae_vaults_storage_room_statues,
          nicolae_vaults_theta, layout_vaults_big_cross, serial_shops,
          nicolae_shop_drivethru
Vaults:2: nicolae_vaults_doubleplus_tesselated, ontoclasm_vaults_fault,
          ontoclasm_vaults_eye, v_misc_1, vaults_room_pool,
          nicolae_vaults_trapezoid_lopsided_4, minmay_crypt_entry_necro_gods,
          layout_vaults_quadrants, uniq_sojobo
Vaults:3: portal_desolation_entry_nicolae_slug,
          nicolae_vaults_shipping_containers_3, nicolae_vaults_swerve,
          vaults_room_fancy_cross, nicolae_vaults_network_square,
          nicolae_vaults_diamond_1, nicolae_vaults_shrinking_rooms_1,
          nicolae_vaults_prndl, v_misc_29, nicolae_vaults_storage_closets_3,
          nicolae_vaults_sesquioval_fish, vaults_dpeg_ring, layout_vaults_ring
Vaults:4: infiniplex_enter_wizlab_water, hangedman_vaults_stream,
          ontoclasm_vaults_spin, nicolae_vaults_little_squares_2,
          hangedman_vaults_nails, nicolae_vaults_trapezoid_lopsided_2,
          nicolae_vaults_oval_intersection, nicolae_vaults_statue_guard,
          vaults_room_large_hall, ontoclasm_vaults_twist, vaults_mumra_chevron,
          vaults_room_semicircle, v_alt_pattern_6, vaults_room_pool,
          layout_vaults_omnibox
Vaults:5
Crypt:1:  layout_misc_corridors, gammafunk_ghost_fury_of_okawaru, st_stairs_12,
          corexii_leaking_fountain, minmay_strange_pillars,
          nicolae_crypt_niches, uniq_josephina
Crypt:2:  layout_chaotic_city, serial_library_hellmonk_big_corner,
          nicolae_crypt_stairsoleum, grunt_megastairs_3, uniq_khufu, uniq_xtahua
Crypt:3:  church_of_pain_bobbens, layout_chaotic_city,
          nicolae_crypt_small_crypt, feat_on_display
Tomb:1
Tomb:2
Tomb:3
Depths:1: hellmonk_paralyzer, layout_gridlike, rand_demon_pan_entry_5,
          solitary_fountain, hell_entry, minislime_mu
Depths:2: nicolae_cairo_tiling, layout_long_grid, hell_entry, enter_trove_0,
          nicolae_abyss_entry_one_way_or_another, infiniplex_staircase_zigzag_3,
          rand_demon_pan_entry_3, minmay_shop_grove
Depths:3: nicolae_terramorphic_expanse [nicolae_terramorphic_quarter,
          nicolae_terramorphic_quarter, nicolae_terramorphic_quarter,
          nicolae_terramorphic_quarter, nicolae_terramorphic_quarter,
          nicolae_terramorphic_biome, nicolae_terramorphic_biome,
          nicolae_terramorphic_biome, nicolae_terramorphic_biome],
          layout_cave_shapes, chequers_serial_rivers_micro_e,
          abyss_entry_flame_altar, hell_entry, evilmike_butchery,
          infiniplex_staircase_pool_2
Depths:4: grunt_bruiser_brothers, layout_cave_pools, enter_ziggurat_d,
          serial_shops, shop, rand_demon_pan_entry_8, hell_entry,
          nicolae_uskayaw_murder_on_the_dancefloor, moated_statue,
          amcnicky_mini_rare_corridor_liquid, hangedman_decor_riveting,
          kennysheep_vampire_church, uniq_mennas, uniq_parghit
Hell
Dis:1:    layout_overlapping_boxes, nicolae_hells_hurtin_island
Dis:2:    layout_gridville
Dis:3:    layout_regular_city, lemuel_mystery_crypt
Dis:4:    layout_overlapping_boxes
Dis:5:    layout_subdivisions, nicolae_dis_bowling_alley
Dis:6:    layout_gridville
Dis:7:    dis_hangedman
Geh:1:    layout_gehenna_pools_triple, nicolae_geh_lava_shack
Geh:2:    layout_gehenna_pools_triple
Geh:3:    layout_gehenna_pools_triple
Geh:4:    layout_gehenna_lava_caves
Geh:6:    layout_gehenna_lava_caves, nicolae_geh_amphitheater
Geh:7:    geh_mu
Coc:1:    layout_ice_bergs
Coc:2:    layout_cocytus_delve
Coc:3:    layout_ice_bergs
Coc:4:    layout_cocytus_water_paths
Coc:5:    layout_cocytus_delve
Coc:6:    layout_ice_bergs
Coc:7:    coc_grunt
Tar:1:    layout_grid_maze, nicolae_tar_four_comb_rooms
Tar:2:    layout_catacombs
Tar:4:    layout_grid_maze
Tar:5:    layout_grid_maze
Tar:6:    layout_grid_maze, nicolae_tar_windowcombs
Tar:7:    tar_grunt_cathedral
Zot:1:    layout_basic, uniq_vv
Zot:2:    layout_gridlike, hangedman_zot_decor_checkerboard,
          regret_index_zotdec_silver_v_v_orig_slice, lemuel_lake_of_fire
Zot:3:    layout_basic, skrybe_zot_glass_3, uniq_tiamat
Zot:4:    kennysheep_blocky_room, layout_cathedral_of_symmetry,
          nicolae_diode_intersection
Zot:5:    layout_cathedral_of_symmetry

Skill      XL: |  1  2  3  4  5  6  7  8  9 10 11 12 13 14 15 16 17 18 19 20 21 22 23 24 25 26 27 |
---------------+----------------------------------------------------------------------------------+-----
Fighting       | 4 6 8 9 10 13 14 16 18 20 21 22 27 | 27.0
Armour         | 1 3 4 6 8 10 12 14 16 17 18 20 27 | 27.0
Axes           | 5 6 8 9 10 12 14 16 18 20 21 22 24 27 | 27.0
Throwing       | 1 3 27 | 27.0
Shields        | 1 10 12 13 14 16 17 18 27 | 27.0
Evocations     | 9 12 27 | 27.0
Translocations | 2 7 10 12 14 27 | 27.0
Spellcasting   | 4 6 8 10 12 27 | 27.0
Invocations    | 11 17 21 27 | 27.0
Air Magic      | 9 13 27 | 27.0
Dodging        | 14 | 14.0
Fire Magic     | 27 | 27.0
Conjurations   | 27 | 27.0
Earth Magic    | 27 | 27.0
Summonings     | 27 | 27.0
Hexes          | 23 | 23.3

Action                     |  1- 3 |  4- 6 |  7- 9 | 10-12 | 13-15 | 16-18 | 19-21 | 22-24 | 25-27 || total
---------------------------+-------+-------+-------+-------+-------+-------+-------+-------+-------++-------
  Melee: Hand axe          |   109 |   112 |       |     6 |       |       |       |       |       ||   227
         War axe           |       |    83 |   319 |       |       |       |       |       |       ||   402
         Punch             |       |       |     5 |     5 |       |       |       |       |       ||    10
         Broad axe         |       |       |    80 |   878 |   729 |   897 |   918 |  1481 | 23115 || 28098
         Peck              |       |       |       |       |       |       |       |       |   640 ||   640
         Executioner's axe |       |       |       |       |       |       |       |       |    50 ||    50
         Staff             |       |       |       |       |       |       |       |       |    48 ||    48
  Throw: Boomerang         |       |       |    12 |     2 |    16 |       |       |     4 |       ||    34
         Javelin           |       |       |       |       |       |     7 |       |       |     3 ||    10
   Cast: Manifold Assault  |       |       |       |       |       |       |   103 |   235 |  4816 ||  5154
         Vhi's Electric Ch |       |       |       |       |       |       |       |       |  1037 ||  1037
         Fire Storm        |       |       |       |       |       |       |       |       |    96 ||    96
         Blink             |       |       |       |       |       |       |       |       |    64 ||    64
         Swiftness         |       |       |       |       |       |       |       |       |    63 ||    63
         Maxwell's Capacit |       |       |       |       |       |       |       |       |    46 ||    46
         Ignition          |       |       |       |       |       |       |       |       |    39 ||    39
         Spellforged Servi |       |       |       |       |       |       |       |       |    35 ||    35
         Chain Lightning   |       |       |       |       |       |       |       |       |    14 ||    14
         Shatter           |       |       |       |       |       |       |       |       |     6 ||     6
         Dispersal         |       |       |       |       |       |       |       |       |     5 ||     5
         Apportation       |       |       |       |       |       |       |       |       |     1 ||     1
 Invoke: Fiery Armour      |       |       |       |     2 |       |       |     1 |     4 |       ||     7
         Foxfire Swarm     |       |       |       |       |       |       |       |     4 |       ||     4
         Rising Flame      |       |       |       |       |       |       |       |     1 |       ||     1
         Brand Weapon With |       |       |       |       |       |       |       |     1 |       ||     1
         Cleansing Flame   |       |       |       |       |       |       |       |       |    19 ||    19
         Recite            |       |       |       |       |       |       |       |       |   327 ||   327
         Vitalisation      |       |       |       |       |       |       |       |       |   105 ||   105
         Imprison          |       |       |       |       |       |       |       |       |    32 ||    32
         Sanctuary         |       |       |       |       |       |       |       |       |     3 ||     3
         Summon Divine War |       |       |       |       |       |       |       |       |     1 ||     1
  Evoke: Wand              |       |       |     5 |       |    14 |       |       |     2 |    45 ||    66
         Lightning rod     |       |       |       |       |       |     2 |       |       |       ||     2
         Sack of spiders   |       |       |       |       |       |     3 |     2 |     2 |     4 ||    11
         Phial of floods   |       |       |       |       |       |     1 |     1 |     2 |     1 ||     5
         Phantom mirror    |       |       |       |       |       |       |       |     2 |     3 ||     5
         Condenser vane    |       |       |       |       |       |       |       |       |     2 ||     2
    Use: Scroll            |       |       |       |    10 |     7 |    12 |     8 |    11 |    60 ||   108
         Potion            |       |       |       |       |       |     6 |    12 |     4 |    86 ||   108
   Stab: Distracted        |       |       |       |       |     6 |    12 |    18 |     6 |     5 ||    47
         Confused          |       |       |       |       |       |       |     1 |       |    25 ||    26
         Invisible         |       |       |       |       |       |       |       |       |     2 ||     2
 Armour: Robe              |    19 |       |       |       |       |       |       |       |       ||    19
         Plate armour      |    62 |   184 |   452 |   719 |   272 |   438 |   422 |   294 |       ||  2843
         Ring mail         |     2 |       |       |       |       |       |       |       |       ||     2
         Skin              |       |       |       |       |       |       |       |     2 |    55 ||    57
         Gold dragon scale |       |       |       |       |       |       |       |       |  4623 ||  4623
  Dodge: Dodged            |    35 |    43 |   144 |   202 |     5 |    33 |    38 |    34 |   785 ||  1319
  Block: Other             |       |       |     6 |       |       |       |       |       |       ||     6
         Kite shield       |       |       |       |   352 |   804 |  1124 |   927 |   922 | 13471 || 17600
         Reflection        |       |       |       |       |    56 |    43 |   105 |    33 |   436 ||   673
